Workbook

Sheet Контроль исполнения финплана
U1: Приложение 1
A2: Контроль исполнения финансового плана
A4: № п/п | B4: Наименование | C4: Ед.измер. | D4: ИНВЕСТИЦИОННЫЙ ПРОЕКТ № 1 | U4: За период 2015-2019 гг., тыс. руб. | W4: Всего, тыс. руб.
D5: 2015 год | F5: 2016 год | H5: 2017 год | J5: 2018 год | L5: 2019 год | N5: 2020 год | P5: 2021 год | R5: 2022 год | T5: 2022 год
D6: План | E6: Факт | F6: План | G6: Факт | H6: План | I6: Факт | J6: План | K6: Факт | L6: План | M6: Факт | N6: План | O6: Факт | P6: План | Q6: Факт | R6: План | S6: Факт | T6: =T7+T8 -> 0 | U6: План | V6: Факт | W6: План | X6: Факт
A7: 1 | B7: Расходы на реализацию мероприятий инвестиционной программы | C7: тыс. руб. | D7: 4609.1186 | F7: 5544.6662 | H7: 5969.8914 | J7: 5990.8597 | L7: 7171.7647 | N7: 0 | P7: 0 | R7: 0 | T7: =T8+T9 -> 0 | U7: =SUM(D7+F7+H7+J7+L7) -> 29286.301 | V7: =SUM(E7+G7+I7+K7+M7) -> 0 | W7: =SUM(D7+F7+H7+J7+L7+N7+R7+P7) -> 29286.301 | X7: =SUM(E7+G7+I7+K7+M7+O7+S7+Q7) -> 0
A8: 3 | B8: ИТОГО расходов | C8: тыс. руб. | D8: 4609.1186 | F8: 5544.6662 | H8: 5969.8914 | J8: 5990.8597 | L8: 7171.7647 | N8: 0 | P8: 0 | R8: 0 | T8: 0 | U8: =SUM(D8+F8+H8+J8+L8) -> 29286.301 | V8: =SUM(E8+G8+I8+K8+M8) -> 0 | W8: =SUM(D8+F8+H8+J8+L8+N8+R8+P8) -> 29286.301 | X8: =SUM(E8+G8+I8+K8+M8+O8+S8+Q8) -> 0
A9: 4 | B9: Привлеченный для целей реализации инвестиционной программы кредит | C9: тыс. руб. | D9: 0 | F9: 0 | H9: 0 | J9: 0 | L9: 0 | N9: 0 | P9: 0 | R9: 0 | T9: 0 | U9: =SUM(D9+F9+H9+J9+L9) -> 0 | V9: =SUM(E9+G9+I9+K9+M9) -> 0 | W9: =SUM(D9+F9+H9+J9+L9+N9+R9+P9) -> 0 | X9: =SUM(E9+G9+I9+K9+M9+O9+S9+Q9) -> 0
A10: 5 | B10: Потребность в финансировании | C10: тыс. руб. | D10: 4609.1186 | F10: 5544.6662 | H10: 5969.8914 | J10: 5990.8597 | L10: 7171.7647 | N10: 0 | P10: 0 | R10: 0 | T10: 0 | U10: =SUM(D10+F10+H10+J10+L10) -> 29286.301 | V10: =SUM(E10+G10+I10+K10+M10) -> 0 | W10: =SUM(D10+F10+H10+J10+L10+N10+R10+P10) -> 29286.301 | X10: =SUM(E10+G10+I10+K10+M10+O10+S10+Q10) -> 0
A11: 6 | B11: Доходы от установленной надбавки к тарифу (начислено) | C11: тыс. руб. | D11: 4609.1186 | E11: 4263.68 | F11: 5544.6662 | G11: 8323.79 | H11: 5969.8914 | I11: 5632.62 | J11: 5990.8597 | L11: 7171.7647 | N11: 0 | P11: 0 | R11: 0 | T11: =T10*90.43%+R10*(100-90.43)% -> 0 | U11: =SUM(D11+F11+H11+J11+L11) -> 29286.301 | V11: =SUM(E11+G11+I11+K11+M11) -> 18220.09 | W11: =SUM(D11+F11+H11+J11+L11+N11+R11+P11) -> 29286.301 | X11: =SUM(E11+G11+I11+K11+M11+O11+S11+Q11) -> 18220.09
A12: 7 | B12: Доходы от установленной надбавки к тарифу (с учетом собираемости платежей не менее 93%) | C12: тыс. руб. | D12: 4286.4803 | E12: 4184.38 | F12: 5479.1779 | G12: 8141.5 | H12: 5940.1256 | I12: 5280.58 | J12: 5989.3919 | L12: 7089.1013 | N12: 502.02353 | P12: 0 | R12: 0 | T12: =T9+T11-T8 -> 0 | U12: =SUM(D12+F12+H12+J12+L12) -> 28784.277 | V12: =SUM(E12+G12+I12+K12+M12) -> 17606.46 | W12: =SUM(D12+F12+H12+J12+L12+N12+R12+P12) -> 29286.301 | X12: =SUM(E12+G12+I12+K12+M12+O12+S12+Q12) -> 17606.46
A13: 8 | B13: Чистый денежный поток | C13: тыс. руб. | D13: -322.6383 | F13: -65.48833 | H13: -29.765762 | J13: -1.4677829 | L13: -82.663349 | N13: 502.02353 | P13: 0 | R13: 0 | T13: =-T12 -> 0 | U13: =SUM(D13+F13+H13+J13+L13) -> -502.02353 | V13: =SUM(E13+G13+I13+K13+M13) -> 0 | W13: =SUM(D13+F13+H13+J13+L13+N13+R13+P13) -> 1.0231815e-12 | X13: =SUM(E13+G13+I13+K13+M13+O13+S13+Q13) -> 0
A14: 9 | B14: РИСКИ: Потребность в кредитных средствах в целях покрытия кассового разрыва | C14: тыс. руб. | D14: 322.6383 | F14: 65.48833 | H14: 29.765762 | J14: 1.4677829 | L14: 82.663349 | N14: 0 | P14: 0 | R14: 0 | T14: =T15+T16 -> 0 | U14: =SUM(D14+F14+H14+J14+L14) -> 502.02353 | V14: =SUM(E14+G14+I14+K14+M14) -> 0 | W14: =SUM(D14+F14+H14+J14+L14+N14+R14+P14) -> 502.02353 | X14: =SUM(E14+G14+I14+K14+M14+O14+S14+Q14) -> 0
A15: 10 | B15: Расходы на оплату кредита, привлеченного на покрытие кассовых разрывов | C15: тыс. руб. | D15: 75.618352 | F15: 154.4866 | H15: 158.22405 | J15: 93.601381 | L15: 42.611207 | N15: 41.324152 | P15: 31.767677 | R15: 14.207763 | T15: ='[1]Кредиты ИП 1'!I66+'[1]Кредиты ИП 1'!I113+'[1]Кредиты ИП 1'!I160+'[1]Кредиты ИП 1'!I206+'[1]Кредиты ИП 1'!I251 -> 0 | U15: =SUM(D15+F15+H15+J15+L15) -> 524.54158 | V15: =SUM(E15+G15+I15+K15+M15) -> 0 | W15: =SUM(D15+F15+H15+J15+L15+N15+R15+P15) -> 611.84117 | X15: =SUM(E15+G15+I15+K15+M15+O15+S15+Q15) -> 0
A16: 10.1. | B16: Возврат суммы кредита | C16: тыс. руб. | D16: 53.773051 | F16: 118.46082 | H16: 134.3365 | J16: 85.769045 | L16: 35.103128 | N16: 33.004671 | P16: 27.79908 | R16: 13.777225 | T16: ='[1]Кредиты ИП 1'!I67+'[1]Кредиты ИП 1'!I114+'[1]Кредиты ИП 1'!I161+'[1]Кредиты ИП 1'!I207+'[1]Кредиты ИП 1'!I252 -> 0 | U16: =SUM(D16+F16+H16+J16+L16) -> 427.44255 | V16: =SUM(E16+G16+I16+K16+M16) -> 0 | W16: =SUM(D16+F16+H16+J16+L16+N16+R16+P16) -> 502.02353 | X16: =SUM(E16+G16+I16+K16+M16+O16+S16+Q16) -> 0
A17: 11.2. | B17: Уплата процентов по кредиту | C17: тыс. руб. | D17: 21.845302 | F17: 36.025773 | U17: =SUM(D17+F17+H17+J17+L17) -> 57.871075 | V17: =SUM(E17+G17+I17+K17+M17) -> 0 | W17: =SUM(D17+F17+H17+J17+L17+N17+R17+P17) -> 57.871075 | X17: =SUM(E17+G17+I17+K17+M17+O17+S17+Q17) -> 0
A18: 11 | B18: ИТОГО расходов с учетом рисков но без учета налога на прибыль | C18: тыс. руб. | D18: 4630.9639 | F18: 5580.692 | U18: =SUM(D18+F18+H18+J18+L18) -> 10211.656 | V18: =SUM(E18+G18+I18+K18+M18) -> 0 | W18: =SUM(D18+F18+H18+J18+L18+N18+R18+P18) -> 10211.656 | X18: =SUM(E18+G18+I18+K18+M18+O18+S18+Q18) -> 0
A19: 10.2. | B19: Уплата процентов по кредиту | C19: тыс. руб. | D19: 21.845302 | F19: 36.025773 | H19: 23.887541 | J19: 7.8323357 | L19: 7.5080791 | N19: 8.3194808 | P19: 3.9685968 | R19: 0.43053827 | U19: =SUM(D19+F19+H19+J19+L19) -> 97.099031 | V19: =SUM(E19+G19+I19+K19+M19) -> 0 | W19: =SUM(D19+F19+H19+J19+L19+N19+R19+P19) -> 109.81765 | X19: =SUM(E19+G19+I19+K19+M19+O19+S19+Q19) -> 0
A20: 11 | B20: ИТОГО расходов с учетом рисков но без учета налога на прибыль | C20: тыс. руб. | D20: 4630.9639 | F20: 5580.692 | H20: 5993.7789 | J20: 5998.692 | L20: 7179.2728 | N20: 8.3194808 | P20: 3.9685968 | R20: 0.43053827 | T20: =T16+T7 -> 0 | U20: =SUM(D20+F20+H20+J20+L20) -> 29383.4 | V20: =SUM(E20+G20+I20+K20+M20) -> 0 | W20: =SUM(D20+F20+H20+J20+L20+N20+R20+P20) -> 29396.118 | X20: =SUM(E20+G20+I20+K20+M20+O20+S20+Q20) -> 0
A23: № п/п | B23: Наименование | C23: Ед.измер. | D23: ИНВЕСТИЦИОННЫЙ ПРОЕКТ № 2 | T23: За период 2015-2019 гг., тыс. руб. | U23: За период 2015-2019 гг., тыс. руб. | W23: Всего, тыс. руб.
D24: 2015 год | F24: 2016 год | H24: 2017 год | J24: 2018 год | L24: 2019 год | N24: 2020 год | P24: 2021 год | R24: 2022 год
D25: План | E25: Факт | F25: План | G25: Факт | H25: План | I25: Факт | J25: План | K25: Факт | L25: План | M25: Факт | N25: План | O25: Факт | P25: План | Q25: Факт | R25: План | S25: Факт | T25: =T26+T27 -> 67033.622 | U25: План | V25: Факт | W25: План | X25: Факт
A26: 1 | B26: Расходы на реализацию мероприятий инвестиционной программы | C26: тыс. руб. | D26: 6463.6729 | F26: 6729.0624 | H26: 6864.0294 | J26: 7342.6243 | L26: 6117.4218 | N26: 0 | P26: 0 | R26: 0 | T26: =SUM(D26:L26) -> 33516.811 | U26: =SUM(D26+F26+H26+J26+L26) -> 33516.811 | V26: =SUM(E26+G26+I26+K26+M26) -> 0 | W26: =SUM(D26+F26+H26+J26+L26+N26+R26+P26) -> 33516.811 | X26: =SUM(E26+G26+I26+K26+M26+O26+S26+Q26) -> 0
A27: 2 | B27: ИТОГО расходов | C27: тыс. руб. | D27: 6463.6729 | F27: 6729.0624 | H27: 6864.0294 | J27: 7342.6243 | L27: 6117.4218 | N27: 0 | P27: 0 | R27: 0 | T27: =SUM(D27:L27) -> 33516.811 | U27: =SUM(D27+F27+H27+J27+L27) -> 33516.811 | V27: =SUM(E27+G27+I27+K27+M27) -> 0 | W27: =SUM(D27+F27+H27+J27+L27+N27+R27+P27) -> 33516.811 | X27: =SUM(E27+G27+I27+K27+M27+O27+S27+Q27) -> 0
A28: 3 | B28: Привлеченный для целей реализации инвестиционной программы кредит | C28: тыс. руб. | D28: 0 | F28: 0 | H28: 0 | J28: 0 | L28: 0 | N28: 0 | P28: 0 | R28: 0 | T28: =SUM(D28:L28) -> 0 | U28: =SUM(D28+F28+H28+J28+L28) -> 0 | V28: =SUM(E28+G28+I28+K28+M28) -> 0 | W28: =SUM(D28+F28+H28+J28+L28+N28+R28+P28) -> 0 | X28: =SUM(E28+G28+I28+K28+M28+O28+S28+Q28) -> 0
A29: 4 | B29: Потребность в финансировании | C29: тыс. руб. | D29: 6463.6729 | F29: 6729.0624 | H29: 6864.0294 | J29: 7342.6243 | L29: 6117.4218 | N29: 0 | P29: 0 | R29: 0 | T29: =SUM(D29:L29) -> 33516.811 | U29: =SUM(D29+F29+H29+J29+L29) -> 33516.811 | V29: =SUM(E29+G29+I29+K29+M29) -> 0 | W29: =SUM(D29+F29+H29+J29+L29+N29+R29+P29) -> 33516.811 | X29: =SUM(E29+G29+I29+K29+M29+O29+S29+Q29) -> 0
A30: 5 | B30: Доходы от установленного тарифа на подключение, тыс. руб. | C30: тыс. руб. | D30: 5463.7732 | E30: 2566.88 | F30: 7181.1134 | G30: 3178.24 | H30: 5662.8362 | I30: 1694.78 | J30: 5507.6346 | L30: 9701.4534 | N30: 0 | P30: 0 | R30: 0 | T30: 0 | U30: =SUM(D30+F30+H30+J30+L30) -> 33516.811 | V30: =SUM(E30+G30+I30+K30+M30) -> 7439.9 | W30: =SUM(D30+F30+H30+J30+L30+N30+R30+P30) -> 33516.811 | X30: =SUM(E30+G30+I30+K30+M30+O30+S30+Q30) -> 7439.9
A31: 6 | B31: Чистый денежный поток | C31: тыс. руб. | D31: -999.89965 | F31: 452.05095 | H31: -1201.1931 | J31: -1834.9898 | L31: 3584.0316 | N31: 0 | P31: 0 | R31: 0 | T31: =SUM(D31:L31) -> -7.2759576e-12 | U31: =SUM(D31+F31+H31+J31+L31) -> -7.2759576e-12 | V31: =SUM(E31+G31+I31+K31+M31) -> 0 | W31: =SUM(D31+F31+H31+J31+L31+N31+R31+P31) -> -7.2759576e-12 | X31: =SUM(E31+G31+I31+K31+M31+O31+S31+Q31) -> 0
A32: 7 | B32: РИСКИ: Потребность в кредитных средствах в целях покрытия кассового разрыва | C32: тыс. руб. | D32: 999.89965 | F32: 0 | H32: 749.14219 | J32: 1834.9898 | L32: 0 | N32: 0 | P32: 0 | R32: 0 | T32: =SUM(D32:L32) -> 3584.0316 | U32: =SUM(D32+F32+H32+J32+L32) -> 3584.0316 | V32: =SUM(E32+G32+I32+K32+M32) -> 0 | W32: =SUM(D32+F32+H32+J32+L32+N32+R32+P32) -> 3584.0316 | X32: =SUM(E32+G32+I32+K32+M32+O32+S32+Q32) -> 0
A33: 8 | B33: Расходы на оплату кредита, привлеченного на покрытие кассовых разрывов | C33: тыс. руб. | D33: 0 | F33: 431.20673 | H33: 556.79194 | J33: 925.00105 | L33: 1076.9498 | N33: 828.34866 | P33: 315.38886 | R33: 0 | T33: =SUM(D33:L33) -> 2989.9495 | U33: =SUM(D33+F33+H33+J33+L33) -> 2989.9495 | V33: =SUM(E33+G33+I33+K33+M33) -> 0 | W33: =SUM(D33+F33+H33+J33+L33+N33+R33+P33) -> 4133.687 | X33: =SUM(E33+G33+I33+K33+M33+O33+S33+Q33) -> 0
A34: 8.1. | B34: Возврат суммы кредита | C34: тыс. руб. | D34: 0 | F34: 333.29988 | H34: 458.15692 | J34: 722.19563 | L34: 861.37732 | N34: 736.52029 | P34: 305.83163 | R34: 0 | T34: =SUM(D34:N34) -> 3111.55 | U34: =SUM(D34+F34+H34+J34+L34) -> 2375.0298 | V34: =SUM(E34+G34+I34+K34+M34) -> 0 | W34: =SUM(D34+F34+H34+J34+L34+N34+R34+P34) -> 3417.3817 | X34: =SUM(E34+G34+I34+K34+M34+O34+S34+Q34) -> 0
A35: 8.2. | B35: Уплата процентов по кредиту | C35: тыс. руб. | D35: 0 | F35: 97.906841 | H35: 98.635028 | J35: 202.80542 | L35: 215.57248 | N35: 91.828375 | P35: 9.5572383 | R35: 0 | T35: =SUM(D35:L35) -> 614.91976 | U35: =SUM(D35+F35+H35+J35+L35) -> 614.91976 | V35: =SUM(E35+G35+I35+K35+M35) -> 0 | W35: =SUM(D35+F35+H35+J35+L35+N35+R35+P35) -> 716.30537 | X35: =SUM(E35+G35+I35+K35+M35+O35+S35+Q35) -> 0
A36: 9 | B36: ИТОГО расходов с учетом рисков но без учета налога на прибыль | C36: тыс. руб. | D36: 6463.6729 | F36: 6826.9693 | H36: 6962.6644 | J36: 7545.4298 | L36: 6332.9942 | N36: 91.828375 | P36: 9.5572383 | R36: 0 | T36: =SUM(D36:L36) -> 34131.731 | U36: =SUM(D36+F36+H36+J36+L36) -> 34131.731 | V36: =SUM(E36+G36+I36+K36+M36) -> 0 | W36: =SUM(D36+F36+H36+J36+L36+N36+R36+P36) -> 34233.116 | X36: =SUM(E36+G36+I36+K36+M36+O36+S36+Q36) -> 0
A40: № п/п | B40: Источники финансирования | C40: Ед.измер. | D40: Расходы на реализацию инвестиционной программы по годам реализации (тыс. руб., без НДС)
D41: 2015 год | F41: 2016 год | H41: 2017 год | J41: 2018 год | L41: 2019 год
D42: План | E42: Факт | F42: План | G42: Факт | H42: План | I42: Факт | J42: План | K42: Факт | L42: План | M42: Факт
A43: 1 | B43: 2 | C43: 3 | D43: 4 | E43: 5 | F43: 6 | G43: 7 | H43: 8 | I43: 9 | J43: 10 | K43: 11 | L43: 12 | M43: 13
A44: 1 | B44: Собственные средства | C44: тыс. руб. | D44: ='Контроль соответствия мероприят'!Q39 -> 12702.909 | E44: 2566.88 | F44: ='Контроль соответствия мероприят'!S39 -> 16946.048 | G44: 3207.84 | H44: ='Контроль соответствия мероприят'!U39 -> 15670.462 | I44: 1113.9 | J44: ='Контроль соответствия мероприят'!W39 -> 12297.523 | L44: ='Контроль соответствия мероприят'!Y39 -> 13898.003
A45: 1.1 | B45: амортизационные отчисления | C45: тыс. руб. | D45: ='Контроль соответствия мероприят'!Q25 -> 220.34 | E45: ='Контроль соответствия мероприят'!R25 -> 0 | F45: ='Контроль соответствия мероприят'!S25 -> 1442.9464 | G45: ='Контроль соответствия мероприят'!T25 -> 29.6 | H45: ='Контроль соответствия мероприят'!U25 -> 3049.08 | I45: ='Контроль соответствия мероприят'!V25 -> 1827.665 | J45: ='Контроль соответствия мероприят'!W25 -> 4126.36 | K45: ='Контроль соответствия мероприят'!X25 -> 0 | ... M45: ='Контроль соответствия мероприят'!Z25 -> 0
A46: 1.2 | B46: прибыль, направленная на инвестиции | C46: тыс. руб. | D46: ='Контроль соответствия мероприят'!Q24-D47 -> 4609.1186 | E46: ='Контроль соответствия мероприят'!R24 -> 0 | F46: ='Контроль соответствия мероприят'!S24-F47 -> 7799.81 | G46: ='Контроль соответствия мероприят'!T24 -> 10909.942 | H46: ='Контроль соответствия мероприят'!U24-H47 -> 7202.6725 | I46: ='Контроль соответствия мероприят'!V24 -> 0 | J46: ='Контроль соответствия мероприят'!W24-J47 -> 4542.0388 | K46: ='Контроль соответствия мероприят'!X24 -> 0 | L46: ='Контроль соответствия мероприят'!Y24-L47 -> 6065.9911 | M46: ='Контроль соответствия мероприят'!Z24 -> 0
B47: в том числе налог на прибыль | C47: тыс. руб. | D47: ='Контроль соответствия мероприят'!Q23 -> 779.66382 | E47: =E46*20/80 -> 0 | F47: ='Контроль соответствия мероприят'!S23 -> 1202.2 | G47: =G46*20/80 -> 2727.4855 | H47: ='Контроль соответствия мероприят'!U23 -> 915.15 | I47: =I46*20/80 -> 0 | J47: ='Контроль соответствия мероприят'!W23 -> 12.38 | K47: =K46*20/80 -> 0 | L47: ='Контроль соответствия мероприят'!Y23 -> 37.62 | M47: =M46*20/80 -> 0
A48: 1.3 | B48: средства, полученные за счет платы за подключение | C48: тыс. руб. | D48: 7314.1261 | E48: 2566.88 | F48: 7971.9992 | G48: 3178.24 | H48: 7565.271 | I48: 1694.78 | J48: 7745.9801 | L48: 7796.9219
B49: в том числе налог на прибыль | C49: тыс. руб. | D49: ='Контроль соответствия мероприят'!Q37 -> 850.45318 | E49: =E48*20/80 -> 641.72 | F49: ='Контроль соответствия мероприят'!S37 -> 1214.9752 | G49: =G48*20/80 -> 794.56 | H49: ='Контроль соответствия мероприят'!U37 -> 688.61 | I49: =I48*20/80 -> 423.695 | J49: ='Контроль соответствия мероприят'!W37 -> 400.48 | K49: =K48*20/80 -> 0 | L49: ='Контроль соответствия мероприят'!Y37 -> 1676.97 | M49: =M48*20/80 -> 0
A50: 1.4 | B50: прочие собственные средства, в т.ч. средства от эмиссии ценных бумаг | C50: тыс. руб.
A51: 2 | B51: Привлеченные средства | C51: тыс. руб.
A52: 2.1 | B52: кредиты | C52: тыс. руб.
B53: справочно: проценты по кредиту | C53: тыс. руб.
A54: 2.2 | B54: займы организаций | C54: тыс. руб.
A55: 2.3 | B55: прочие привлеченные средства | C55: тыс. руб.
A56: 3 | B56: Бюджетное финансирование | C56: тыс. руб.
A57: 4 | B57: Прочие источники финансирования, в т.ч. лизинг | C57: тыс. руб.
A58: 5 | B58: ИТОГО по программе | C58: тыс. руб.
B62: Исполнитель | D62: Пустовит А.В.

Sheet Контроль соответствия мероприят
Q1: Приложение 3
A6: Контроль за соответствием фактически выполненных мероприятий инвестиционной программы мероприятиям, предусмотренным инвестиционной программой при ее утверждении в сфере водоотведения
A8: № | B8: Наименование мероприятия, адрес объекта | C8: Источник финансирования | D8: Единица измерения | E8: Объемные показатели: протяженность, площадь, объем, мощность и т.д. | F8: Реализация мероприятий по годам, нат. ед. | P8: Финансовые потребности всего, тыс. руб. | Q8: Реализация мероприятий по годам, тыс. руб. (без НДС)
F9: 2015 год | H9: 2016 год | J9: 2017 год | L9: 2018 год | N9: 2019 год | Q9: 2015 год | S9: 2016 год | U9: 2017 год | W9: 2018 год | Y9: 2019 год
F10: План | G10: Факт | H10: План | I10: Факт | J10: План | K10: Факт | L10: План | M10: Факт | N10: План | O10: Факт | Q10: План | R10: Факт | S10: План | T10: Факт | U10: План | V10: Факт | W10: План | X10: Факт | Y10: План | Z10: Факт
A11: 1 | B11: Инвестиционный проект по повышению надежности системы водоотведения улучшению экологической ситуации (строительство, капитальный ремонт, техническое перевооружение)
A12: 1.1. | B12: Реконструкция Шнековой насосной станции по ул.Гагарина с заменой технологического оборудования (предполагающая установку 2-х шнековых насосов) | C12: За счет прибыли, направленной на инвестиции | D12: шт. | E12: 1 | F12: 0.3 | G12: 0 | H12: 0.7 | I12: 1 | J12: 0 | K12: 0 | L12: 0 | M12: 0 | N12: 0 | O12: 0 | P12: =Q12+S12+U12+W12+Y12 -> 9273.9449 | Q12: 2259.3149 | R12: 0 | S12: 7014.63 | T12: 9271.19 | U12: 0 | V12: 0 | W12: 0 | X12: 0 | Y12: 0 | Z12: 0
A13: 1.2. | B13: Реконструкция канализационной насосной станции №1 по ул.Фрунзе с заменой технологического оборудования | D13: шт. | E13: 1 | F13: 0 | H13: 0 | J13: 0 | L13: 1 | N13: 0 | P13: 959.39357 | Q13: 0 | S13: 0 | U13: 0 | W13: 959.39357 | Y13: 0
A14: 1.3. | B14: Реконструкция канализационной насосной станции по ул.Звездная, 14 с заменой технологического оборудования и вентиляционной системы. | D14: шт. | E14: 1 | F14: 0 | H14: 0 | J14: 1 | L14: 0 | N14: 0 | P14: 590.74515 | Q14: 0 | S14: 0 | U14: 590.74515 | V14: 0 | W14: 0 | Y14: 0
A15: 1.4. | B15: Реконструкция системы аэрации ОСК (ПСД, ПИР, СМР) | D15: шт. | E15: 8 | F15: 0 | H15: 0 | J15: 7 | K15: 0 | L15: 1 | N15: 0 | P15: 5427.2308 | Q15: 0 | S15: 0 | U15: 4721.6773 | V15: 0 | W15: 705.5535 | Y15: 0
A16: 1.5. | B16: Реконструкция системы аэрации с заменой воздуходувок на ОСК, п. Холодный Родник | D16: шт. | E16: 2 | F16: 0 | H16: 0 | J16: 0 | L16: 2 | N16: 0 | P16: 1678.2917 | Q16: 0 | S16: 0 | U16: 0 | W16: 1678.2917 | Y16: 0
A17: 1.6. | B17: Реконструкция канализации по ул.Таманская | D17: м | E17: 340 | F17: 0 | H17: 0 | J17: 0 | L17: 0 | N17: 340 | P17: 3602.3984 | Q17: 0 | S17: 0 | U17: 0 | W17: 0 | Y17: 3602.3984
A18: 1.7. | B18: Строительство канализации района Барсовая щель, разработка проекта строительства (ПСД, ПИР) | C18: За счет амортизационных отчислений | D18: м | E18: 230 | F18: 230 | H18: 0 | I18: 152 | J18: 0 | K18: 297 | L18: 0 | N18: 0 | P18: 1669.2556 | Q18: 1669.2556 | S18: 0 | T18: 173.02 | U18: 0 | V18: 790.029 | W18: 0 | Y18: 0
A19: 1.8. | B19: Реконструкция канализации в районе жилых домов по ул.С.Перовской Ду150-200мм | D19: м | E19: 300 | F19: 0 | H19: 0 | J19: 0 | L19: 0 | N19: 300 | P19: 2463.5926 | Q19: 0 | S19: 0 | U19: 0 | W19: 0 | Y19: 2463.5926
A20: 1.9. | B20: Реконструкция канализации по ул.Белинского Ду200мм | C20: За счет амортизационных отчислений | D20: м | E20: 230 | F20: 230 | G20: 0 | H20: 0 | I20: 394 | J20: 0 | K20: 176 | L20: 0 | N20: 0 | P20: =Q20+S20+U20 -> 2290.1682 | Q20: 680.5482 | R20: 0 | S20: 785.18 | T20: 1465.732 | U20: 824.44 | V20: 793.049 | W20: 0 | Y20: 0
A21: 1.10. | B21: Строительство канализации Ду160мм в центральной части города Туапсе | D21: м | E21: 670 | F21: 0 | H21: 0 | J21: 320 | L21: 350 | N21: 0 | P21: =Q21+S21+U21+W21+Y21 -> 1913.09 | Q21: 0 | S21: 0 | U21: 714.29 | W21: 1198.8 | Y21: 0
A22: 1.11. | B22: Реконструкция системы вентиляции в здании решеток на ОСК, п.Холодный родник (с заменой электрической системы) | C22: За счет амортизационных отчислений | D22: шт. | E22: 5 | F22: 0 | H22: 0 | J22: 5 | K22: 5 | L22: 0 | N22: 0 | P22: =Q22+S22+U22+W22+Y22 -> 351.52 | Q22: 0 | R22: 0 | S22: 0 | T22: 0 | U22: 351.52 | V22: 244.587 | W22: 0 | Y22: 0
B23: Прочие расходы, возникшие в связи с реализацией инвестиционной программы (налог на прибыль, проценты по кредитам) | F23: х | H23: х | J23: х | L23: х | N23: х | P23: =Q23+S23+U23+W23+Y23 -> 2947.0138 | Q23: 779.66382 | S23: 1202.2 | U23: 915.15 | W23: 12.38 | Y23: 37.62
B24: Всего по инвестиционному проекту 1 | D24: - | E24: - | F24: - | G24: - | H24: - | I24: - | J24: - | K24: - | L24: - | M24: - | N24: - | O24: - | P24: =Q24+S24+U24+W24+Y24 -> 33166.645 | Q24: =SUM(Q12:Q23) -> 5388.7824 | R24: =SUM(R12:R23) -> 0 | S24: =SUM(S12:S23) -> 9002.01 | T24: =SUM(T12:T23) -> 10909.942 | U24: =SUM(U12:U23) -> 8117.8225 | V24: =SUM(V12:V23)-V22-V20-V18 -> 0 | W24: =SUM(W12:W23) -> 4554.4188 | X24: =SUM(X12:X23) -> 0 | Y24: =SUM(Y12:Y23) -> 6103.6111 | Z24: =SUM(Z12:Z23) -> 0
B25: в том числе амортизация | D25: - | E25: - | F25: - | G25: - | H25: - | I25: - | J25: - | K25: - | L25: - | M25: - | N25: - | O25: - | P25: =Q25+S25+U25+W25+Y25 -> 14904.716 | Q25: 220.34 | R25: =SUM(R13:R24) -> 0 | S25: 1442.9464 | T25: 29.6 | U25: 3049.08 | V25: 1827.665 | W25: 4126.36 | X25: =SUM(X13:X24) -> 0 | Y25: 6065.99 | Z25: =SUM(Z13:Z24) -> 0
A26: 2 | B26: Инвестиционный проект по подключению новых объектов к системе водотведения
A27: 2.1. | B27: Реконструкция технологических емкостей на городских ОСК, п. Холодный Родник | C27: За счет платы за технологическое присоединение | D27: шт. | E27: 16 | F27: 0 | H27: 8 | I27: 2 | J27: 8 | K27: 2 | L27: 0 | N27: 0 | P27: 6699.5448 | Q27: 0 | S27: 3273.6782 | T27: 319.86 | U27: 3425.8666 | V27: 117.718 | W27: 0 | Y27: 0
A28: 2.2. | B28: Строительство канализации по ул.Зенитная | D28: м | E28: 270 | F28: 0 | H28: 270 | J28: 0 | L28: 0 | N28: 0 | P28: 790.59102 | Q28: 0 | S28: 790.59102 | U28: 0 | W28: 0 | Y28: 0
A29: 2.3. | B29: Реконструкция системы канализации в районе ул.Морская | D29: м | E29: 240 | F29: 0 | H29: 0 | J29: 0 | L29: 0 | N29: 240 | P29: 1411.3042 | Q29: 0 | S29: 0 | U29: 0 | W29: 0 | Y29: 1411.3042
A30: 2.4. | B30: Реконструкция системы канализации по улице Полетаева | D30: м | E30: 390 | F30: 390 | H30: 0 | J30: 0 | L30: 0 | N30: 0 | P30: 1906.5648 | Q30: 1906.5648 | S30: 0 | U30: 0 | W30: 0 | Y30: 0
A31: 2.5. | B31: Реконструкция канализации р-она ул.Киевской и пер. Светлый | C31: За счет платы за технологическое присоединение | D31: м | E31: 515 | F31: 0 | H31: 132 | I31: 596.6 | J31: 186 | L31: 197 | N31: 0 | P31: 4736.3221 | Q31: 0 | S31: 1152.882 | T31: 2500 | U31: 1700.0369 | W31: 1883.4032 | Y31: 0
A32: 2.6. | B32: Реконструкция канализации р-она улицы Судоремонтников | D32: м | E32: 430 | F32: 0 | H32: 0 | J32: 210 | L32: 220 | N32: 0 | P32: 3642.7808 | Q32: 0 | S32: 0 | U32: 1738.1259 | W32: 1904.6549 | Y32: 0
A33: 2.7. | B33: Строительство внеплощадочных сетей канализации по ул.Б.Хмельницкого, разработка проекта строительства (ПСД, ПИР) | D33: м | E33: 150 | F33: 150 | H33: 0 | J33: 0 | L33: 0 | N33: 0 | P33: 419.69662 | Q33: 419.69662 | S33: 0 | U33: 0 | W33: 0 | Y33: 0
A34: 2.8. | B34: Проектирование и строительство канализации р-на Грознефть Ду150мм (подключение к канализации Ду250мм по ул. Сочинская), разработка проекта строительства (ПСД, ПИР) | D34: м | E34: 730 | F34: 0 | H34: 0 | J34: 0 | L34: 350 | N34: 380 | P34: 6931.9445 | Q34: 0 | S34: 0 | U34: 0 | W34: 3554.5662 | Y34: 3377.3783
A35: 2.9. | B35: Проектирование и строительство канализации р-на Грознефть (подключение к Вельяминовскому коллектору), разработка проекта строительства (ПСД, ПИР) | C35: За счет платы за технологическое присоединение | D35: м | E35: 520 | F35: 268 | G35: 0 | H35: 106 | I35: 355 | J35: 0 | K35: 83 | L35: 0 | N35: 146 | P35: 4631.3086 | Q35: 2460.0207 | S35: 842.54857 | T35: 1302.44 | U35: 0 | V35: 95.851 | W35: 0 | Y35: 1328.7393
A36: 2.10. | B36: Проектирование и строительство канализации р-на ул. Интернациональная, разработка проекта строительства (ПСД, ПИР) | D36: м | E36: 270 | F36: 185 | H36: 85 | I36: 0 | J36: 0 | L36: 0 | N36: 0 | P36: 2346.7535 | Q36: 1677.3908 | S36: 669.36266 | U36: 0 | W36: 0 | Y36: 0
B37: Прочие расходы, возникшие в связи с реализацией инвестиционной программы (налог на прибыль, расходы на уплату процентов по кредитам, привлеченным в целях сокращения рисков) | F37: х | H37: х | J37: х | L37: х | N37: х | P37: =Q37+S37+U37+W37+Y37 -> 4831.4884 | Q37: 850.45318 | S37: 1214.9752 | U37: 688.61 | W37: 400.48 | Y37: 1676.97
B38: Всего по инвестиционному проекту 2 | D38: - | E38: - | F38: - | G38: - | H38: - | I38: - | J38: - | K38: - | L38: - | M38: - | N38: - | O38: - | P38: =Q38+S38+U38+W38+Y38 -> 38348.299 | Q38: =SUM(Q27:Q37) -> 7314.1261 | R38: =SUM(R27:R37) -> 0 | S38: =SUM(S27:S37) -> 7944.0376 | T38: =SUM(T27:T37) -> 4122.3 | U38: =SUM(U27:U37) -> 7552.6394 | V38: =SUM(V27:V37) -> 213.569 | W38: =SUM(W27:W37) -> 7743.1043 | X38: =SUM(X27:X37) -> 0 | ... Z38: =SUM(Z27:Z37) -> 0
A39: 3. | B39: Итого за период | D39: - | E39: - | F39: - | G39: - | H39: - | I39: - | J39: - | K39: - | L39: - | M39: - | N39: - | O39: - | P39: =Q39+S39+U39+W39+Y39 -> 71514.944 | Q39: =Q38+Q24 -> 12702.909 | R39: =R38+R24 -> 0 | S39: =S38+S24 -> 16946.048 | T39: =T38+T24 -> 15032.242 | U39: =U38+U24 -> 15670.462 | V39: =V38+V24 -> 213.569 | W39: =W38+W24 -> 12297.523 | X39: =X38+X24 -> 0 | ... Z39: =Z38+Z24 -> 0
B42: Исполнитель | D42: Пустовит А.В.

Sheet Контроль соответствия инсточник
AI1: Приложение 2
A3: Контроль за соответствием источников финансирования фактически выполненных мероприятий инвестиционной программы финансовому плану
A5: № п/п | B5: Наименование мероприятия | C5: Расходы на реализацию мероприятий, тыс. руб. (без НДС) | AB5: Наименование источника финансирования мероприятий
C6: 2015 год | H6: 2016 год | M6: 2017 год | R6: 2018 год | W6: 2019 год | AB6: 2015 год | AD6: 2016 год | AF6: 2017 год | AH6: 2018 год | AJ6: 2019 год
C7: план | D7: факт | E7: Отклонения | H7: план | I7: факт | J7: Отклонения | M7: план | N7: факт | O7: Отклонения | R7: план | S7: факт | T7: Отклонения | W7: план | X7: факт | Y7: Отклонения
E8: уточнение стоимости по результатам утвержденной проектно-сметной документации | F8: уточнения стоимости по результатам конкурсов, заключенных договоров (закупочных процедур) | G8: Прочие (указать конкретно) | J8: уточнение стоимости по результатам утвержденной проектно-сметной документации | K8: уточнения стоимости по результатам конкурсов, заключенных договоров (закупочных процедур) | L8: Прочие (указать конкретно) | O8: уточнение стоимости по результатам утвержденной проектно-сметной документации | P8: уточнения стоимости по результатам конкурсов, заключенных договоров (закупочных процедур) | Q8: Прочие (указать конкретно) | T8: уточнение стоимости по результатам утвержденной проектно-сметной документации | U8: уточнения стоимости по результатам конкурсов, заключенных договоров (закупочных процедур) | V8: Прочие (указать конкретно) | Y8: уточнение стоимости по результатам утвержденной проектно-сметной документации | Z8: уточнения стоимости по результатам конкурсов, заключенных договоров (закупочных процедур) | AA8: Прочие (указать конкретно) | AB8: план | AC8: факт | AD8: план | AE8: факт | AF8: план | AG8: факт | AH8: план | AI8: факт | AJ8: план | AK8: факт
A9: 1 | B9: Проектирование и строительство канализации района Грознефть (подключение к Вельяминовскому коллектору), разработка проекта строительства (ПСД, ПИР) | C9: 2460.02 | D9: 0 | E9: ­ | F9: ­ | G9: ­ | H9: 842.55 | I9: 1302.44 | J9: ­ | K9: ­ | L9: Строительство канализации по ул.Туапсинская | M9: ­ | N9: ­ | O9: ­ | P9: ­ | Q9: ­ | W9: 1328.74 | AB9: 2460.02 | AC9: 0 | AD9: 842.55 | AE9: 1302.44 | AF9: 0 | AG9: 0 | AH9: 0 | AI9: 0 | AJ9: 1328.74 | AK9: 0
A10: 2 | B10: Реконструкция Шнековой насосной станции по ул.Гагарина с заменой технологического оборудования (предполагающая установку 2-х шнековых насосов) | C10: 2259.31 | D10: 0 | E10: ­ | F10: ­ | G10: ­ | H10: 7014.63 | I10: 9271.19 | J10: ­ | K10: ­ | L10: ­ | M10: ­ | N10: ­ | O10: ­ | P10: ­ | Q10: ­ | AB10: 2259.31 | AC10: 0 | AD10: 7014.63 | AE10: 9271.19 | AF10: 0 | AG10: 0
A11: 3 | B11: Строительство канализации района Барсовая щель, разработка проекта строительства (ПСД, ПИР) | C11: 1669.26 | D11: 0 | E11: ­ | F11: ­ | G11: ­ | H11: 0 | I11: 173.02 | J11: ­ | K11: ­ | L11: 1)Прокладка канализации по ул.Мичурина и ул.Крылова; 2)Канализование ул.Тургенева Д=160мм L=22м | M11: ­ | N11: ­ | O11: ­ | P11: ­ | Q11: ­ | AB11: 1669.26 | AC11: 0 | AD11: 0 | AE11: 173.02 | AF11: 0 | AG11: 0
A12: 4 | B12: Строительство канализации района Барсовая щель, разработка проекта строительства (ПСД, ПИР) | C12: 1669.26 | D12: 0 | E12: ­ | F12: ­ | G12: ­ | H12: 0 | I12: 0 | J12: ­ | K12: ­ | L12: Канализование улиц Мичурина, Садовая, Бондаренко | M12: 0 | N12: 790.029 | O12: ­ | P12: ­ | Q12: ­ | AB12: 1669.26 | AC12: 0 | AD12: 0 | AE12: 0 | AF12: 0 | AG12: 790.03
A13: 5 | B13: Реконструкция технологических емкостей на городских ОСК, п.Холодный родник | C13: 0 | D13: 0 | E13: ­ | F13: ­ | G13: ­ | H13: 3273.68 | I13: 319.86 | J13: ­ | K13: ­ | L13: ­ | M13: 3425.87 | N13: 117.718 | O13: ­ | P13: ­ | Q13: ­ | AB13: 0 | AC13: 0 | AD13: 3273.68 | AE13: 319.86 | AF13: 3425.87 | AG13: 117.72
A14: 6 | B14: Реконструкция канализации по ул.Белинского Ду200мм | C14: 680.55 | D14: 0 | E14: ­ | F14: ­ | G14: ­ | H14: 785.18 | I14: 1465.73 | J14: ­ | K14: ­ | L14: ­ | M14: 824.44 | N14: 793.049 | O14: ­ | P14: ­ | Q14: ­ | AB14: 680.55 | AC14: 0 | AD14: 785.18 | AE14: 1465.73 | AF14: 824.44 | AG14: 793.05
A15: 7 | B15: Реконструкция канализации района ул.Киевская и пер.Светлый | C15: 0 | D15: 0 | E15: ­ | F15: ­ | G15: ­ | H15: 1152.88 | I15: 2500 | J15: ­ | K15: ­ | L15: ­ | M15: ­ | N15: ­ | O15: ­ | P15: ­ | Q15: ­ | AB15: 0 | AC15: 0 | AD15: 1152.88 | AE15: 2500 | AF15: 0 | AG15: 0
A16: 8 | B16: Проектирование и строительство канализации района Грознефть (подключение к Вельяминовскому коллектору), разработка проекта строительства (ПСД, ПИР) | C16: 2460.02 | D16: 0 | E16: ­ | F16: ­ | G16: ­ | H16: 842.55 | I16: 0 | J16: ­ | K16: ­ | L16: ­ | M16: 0 | N16: 95.851 | O16: ­ | P16: ­ | Q16: Строительство канализации по ул.Офицерская (1 участок) | AB16: 2460.02 | AC16: 0 | AD16: 842.55 | AE16: 0 | AF16: 0 | AG16: 95.851 | AH16: 0 | AJ16: 1328.74
A17: 9 | B17: Реконструкция системы вентиляции в здании решеток на ОСК, п.Холодный родник (с заменой электрической системы) | C17: 0 | D17: 0 | E17: ­ | F17: ­ | G17: ­ | H17: 0 | I17: 0 | J17: ­ | K17: ­ | L17: ­ | M17: 351.52 | N17: 244.587 | O17: ­ | P17: ­ | Q17: ­ | AB17: 0 | AC17: 0 | AD17: 0 | AE17: 0 | AF17: 351.52 | AG17: 244.587 | AH17: 0 | AJ17: 0
B20: Исполнитель | D20: Пустовит А.В.

Sheet Подтверждающие документы
M1: Приложение 3.2
A2: Сведения о наличии обосновывающих и подтверждающих документов в сфере водоотведения
A4: Наименование мероприятия инвестиционной программы | B4: Реквизиты проектной документации | G4: Реквизыты договора подряда и первичных учетных документов о выполнении работ | L4: Реквизиты акта ввода в эксплуатацию | N4: Примечания
B5: Наличие проектной документации, да\нет | C5: Шифр проекта | D5: Наименование проектной организации, дата, номер договора | E5: Дата и № акта сдачи приемки ПИР | F5: Стоимость по акту сдачи приемки ПИР | G5: дата и № договора подряда | H5: Наименование подрядной организации | I5: Срок выполнения работ по договору | J5: дата и номер КС-3, КС-2, актов выполненных работ | K5: Стоимость работ по КС-3, КС-2, актам выполненных работ | L5: Наличие акта ввода в эксплуатацию объекта, да/нет | M5: Дата и № акта
A6: 1 | B6: 2 | C6: 3 | D6: 4 | E6: 5 | F6: 6 | G6: 7 | H6: 8 | I6: 9 | J6: 10 | K6: 11 | L6: 12 | M6: 13 | N6: 14
A7: Проектирование и строительство канализации района Грознефть (подключение к Вельяминовскому коллектору), разработка проекта строительства (ПСД, ПИР) (строительство канализации по ул.Туапсинская) | B7: нет | C7: ­ | D7: ­ | E7: ­ | F7: ­ | G7: 11.04.2016 № 31603477248 | H7: ООО "Южная строительная компания" | I7: 42501 | J7: № 1 от 28.04.2016 | K7: 823489 | L7: да | M7: № 00000000008 от 30.09.2016 | N7: ­
J8: № 1 от 11.05.2016 | K8: 303629.64
J9: Отчет о расходе материалов | K9: 175318.04
G10: Хоз. Способом | H10: МУП "ЖКХ г. Туапсе" | I10: 43008 | J10: № 1 от 11.09.2017 | K10: 95851.88
A11: Реконструкция Шнековой насосной станции по ул.Гагарина с заменой технологического оборудования (предполагающая установку 2-х шнековых насосов) | B11: да | C11: 5877р-КК12-2-СМ 5877р-КК12-2-ПЗ 5877р-КК12-2-АС 5877р-КК12-2-ТХ 5877р-КК12-2-ЭМ | D11: ООО "ИТС Групп", договор № 31604013609 от 27.09.2016 | E11: Акт № 09/29/1 от 29.09.2016 | F11: 927118.64 | G11: 27.09.2016 № 31604013609 | H11: ООО "ИТС Групп" | I11: 42694 | J11: № 1 от 30.12.2016 | K11: 203137 | L11: да | M11: № 00000000029 от 30.12.2016 № 00000000030 от 30.12.2016 | N11: Итоговая стоимость сложилась из КС-2 в которых учтены проектные работы
J12: № 2 от 30.12.2016 | K12: 762810
J13: № 3 от 30.12.2016 | K13: 8247554
J14: № 4 от 30.12.2016 | K14: 57687
A15: Строительство канализации района Барсовая щель, разработка проекта строительства (ПСД, ПИР) | B15: нет | C15: ­ | D15: ­ | E15: ­ | F15: ­ | G15: Хоз. Способом | H15: МУП "ЖКХ г. Туапсе" | I15: 42551 | J15: № 1 от 30.06.2016 | K15: 39092.68 | L15: да | M15: № 00000000026 от 30.11.2016 | N15: ­
G16: Хоз. Способом | H16: МУП "ЖКХ г. Туапсе" | I16: 42673 | J16: № 1 от 31.10.2016 | K16: 133922.08 | L16: да | M16: № 00000000005 от 30.09.2016 | N16: ­
G17: № 31604349406 от 28.11.2016, доп. соглашения № 1 от 29.11.2016, б/н от 28.12.2016, № 3 от 28.02.2017 | H17: ООО фирма "Армокром" | I17: 42817 | J17: № 1 от 23.03.2017 | K17: 772540 | L17: ­ | M17: ­ | N17: ­
G18: № 001/17 от 27.02.2017 | H18: ООО фирма "Армокром" | I18: 42821 | J18: № 1 от 27.03.2017 | K18: 14188
J19: отчет о расходе материалов | K19: 3301.32 | L19: ­ | M19: ­ | N19: ­
A20: Реконструкция технологических емкостей на городских ОСК, п.Холодный родник | B20: нет | C20: ­ | D20: ­ | E20: ­ | F20: ­ | G20: Хоз. способом | H20: МУП "ЖКХ г. Туапсе" | I20: 07.2016г. | J20: № 3 от 10.08.2016 | K20: 107994.09 | L20: да | M20: № 00000000027 от 30.11.2016 № 00000000008 от 21.07.2017 | N20: ­
G21: Хоз. способом | H21: МУП "ЖКХ г. Туапсе" | I21: 02.2017г. | J21: б/н от 28.02.2017г. | K21: 117718.75
G22: № 84-16юр от 29.04.2016 | H22: ГУП КК "Крайтехинвентаризация - Краевое БТИ" | I22: 42505 | J22: № 4200-000096 от 31.07.2016 | K22: 83050.85 | N22: ­
G23: № 85-16юр от 16.05.2016 | H23: ГУП КК "Крайтехинвентаризация - Краевое БТИ" | I23: 42522 | J23: № 4200-000097 от 31.07.2016 | K23: 83898.31 | N23: ­
G24: № 83-16юр от 05.05.2016 | H24: ГУП КК "Крайтехинвентаризация - Краевое БТИ" | I24: 42522 | J24: № 4200-000095 от 31.07.2016г | K24: 44915.25 | N24: ­
A25: Реконструкция канализации по ул.Белинского Ду200мм | B25: нет | C25: ­ | D25: ­ | E25: ­ | F25: ­ | G25: № 31604289042 от 17.11.2016, доп. Соглашения б/н от 15.12.2016, б/н от 30.12.2016, б/н от 24.01.2017, б/н от 03.02.2017 | H25: ООО фирма "Армокром" | I25: 05.03.2017г. | J25: № 1 от 30.12.2016 | K25: 1465732 | L25: да | M25: №00000000028 от 30.12.2016г. | N25: ­
J26: № 2 от 05.03.2017 | K26: 720708.68
J27: отчет о расходе материалов | K27: 72340.8
A28: Реконструкция канализации района ул.Киевская и пер.Светлый | B28: нет | C28: ­ | D28: ­ | E28: ­ | F28: ­ | G28: № 31604023164 от 08.09.2016, доп. Соглашение № 1 от 28.10.2016, доп. Соглашение № 2 от 18.11.2016 | H28: ООО фирма "Армокром" | I28: 28.10.2016 30.11.2016 | J28: № 1 от 14.10.2016 | K28: 1395227 | L28: да | M28: № 00000000026 от 30.11.2016 | N28: ­
J29: № 2 от 28.11.2016 | K29: 1104773
C33: Исполнитель | E33: Пустовит А.В.

Sheet Закупочная деятельность
I1: Приложение 5
A2: Контроль обоснованности произведенных расходов
A3: Наименование мероприятия инвестиционной программы | B3: Составляющие расходов | C3: Номер закупки | D3: Ссылка на размещение информации о закупке в единой информационной системе | E3: Способ закупки | F3: Планируемая дата или период размещения извещения о закупке (месяц, год) | G3: Фактическая дата или период размещения извещения о закупке (месяц, год) | H3: Наличие в Плане закупки (да/нет) | I3: Основание неразмещения в единой информационной системе сведений о закупке товаров, работ, услуг (с указанием соответствующего пункта из Положения о закупках)
A4: 1 | B4: 2 | C4: 3 | D4: 4 | E4: 5 | F4: 6 | G4: 7 | H4: 8 | I4: 9
A5: Проектирование и строительство канализации района Грознефть (подключение к Вельяминовскому коллектору), разработка проекта строительства (ПСД, ПИР) (строительство канализации по ул.Туапсинская) | B5: подготовка проектной документации | D5: http://zakupki.gov.ru/223/purchase/public/purchase/info/common-info.html?noticeId=3574991&epz=true&style44=false
B6: приобретение материалов и оборудования
B7: строительно-монтажные работы, пусконаладочные работы | C7: 31603477248 | E7: Запрос предложений | F7: март 2016г. | G7: 28.03.2016г. | H7: да
B8: иные расходы (указать)
A9: Реконструкция Шнековой насосной станции по ул.Гагарина с заменой технологического оборудования (предполагающая установку 2-х шнековых насосов) | B9: подготовка проектной документации | C9: 31604013609 | D9: http://zakupki.gov.ru/223/purchase/public/purchase/info/common-info.html?noticeId=4138800&epz=true&style44=false | E9: Открытый конкурс | F9: август 2016г. | G9: 19.08.2016г. | H9: да
B10: приобретение материалов и оборудования
B11: строительно-монтажные работы, пусконаладочные работы
B12: иные расходы (указать)
A13: Реконструкция канализации по ул.Белинского Ду200мм | B13: подготовка проектной документации | D13: http://zakupki.gov.ru/223/purchase/public/purchase/info/common-info.html?noticeId=4415624&epz=true&style44=false
B14: приобретение материалов и оборудования
B15: строительно-монтажные работы, пусконаладочные работы | C15: 31604289042 | E15: Запрос предложений | F15: ноябрь 2016г. | G15: 02.11.2016г. | H15: да
B16: иные расходы (указать)
A17: Реконструкция канализации района ул.Киевская и пер.Светлый | B17: подготовка проектной документации | D17: http://zakupki.gov.ru/223/purchase/public/purchase/info/common-info.html?noticeId=4148355&epz=true&style44=false
B18: приобретение материалов и оборудования
B19: строительно-монтажные работы, пусконаладочные работы | C19: 31604023164 | E19: Запрос предложений | F19: август 2016г. | G19: 22.08.2016г. | H19: да
B20: иные расходы (указать)
A21: Строительство канализации района Барсовая щель, разработка проекта строительства (ПСД, ПИР). Канализование улиц Мичурина, Садовая, Бондаренко | B21: подготовка проектной документации | D21: http://zakupki.gov.ru/223/purchase/public/purchase/info/common-info.html?noticeId=4482437&epz=true&style44=false
B22: приобретение материалов и оборудования
B23: строительно-монтажные работы, пусконаладочные работы | C23: 31604349406 | E23: Запрос предложений | F23: ноябрь 2016г. | G23: 18.11.2016г. | H23: да
B24: иные расходы (указать)
A25: Реконструкция системы вентиляции в здании решеток на ОСК, п.Холодный родник (с заменой электрической системы) | B25: подготовка проектной документации | D25: http://zakupki.gov.ru/epz/order/quicksearch/search_eis.html?searchString=31705256271
B26: приобретение материалов и оборудования
B27: строительно-монтажные работы, пусконаладочные работы | C27: 31705256271 | E27: Запрос предложений | F27: июнь 2017г. | G27: 23.06.2017г. | H27: да
B28: иные расходы (указать)
B32: Исполнитель | D32: Пустовит А.В.

Sheet Контроль сроков
R1: Приложение 6
A2: Контроль за соблюдением сроков выполнения мероприятий инвестиционной программы
A5: № п/п | B5: Наименование мероприятия/адрес объекта | C5: Цели реализации мероприятия | D5: Характеристика мероприятия, объемные показатели, адрес, единицы измерения | E5: Плановые показатели реализация мероприятий по годам | J5: Фактические показатели реализация мероприятий по годам | O5: Плановый период начала реализации мероприятия | P5: Плановый период окончания реализации мероприятия, ввод в эксплуатацию | Q5: Фактический период начала реализации мероприятия | R5: Фактический период окончания реализации мероприятия, ввод в эксплуатацию
E6: 2015 | F6: 2016 | G6: 2017 | H6: 2018 | I6: 2019 | J6: 2015 | K6: 2016 | L6: 2017 | M6: 2018 | N6: 2019
A7: 1. Мероприятия, направленные на повышение надежности
A8: 1.1. | B8: Реконструкция Шнековой насосной станции по ул.Гагарина с заменой технологического оборудования | C8: Повышение надежности системы водоотведения, снижение износа оборудования системы, увеличение индекса замены оборудования | D8: Замена шнековых насосов 2 ед. и технологического оборудования для шнековой насосной станции (шнек, редуктор, электродвигатель), 2 ед. | E8: X | K8: X | O8: 1 квартал 2015 | P8: 4 квартал 2016 | Q8: 3 квартал 2016 | R8: 4 квартал 2016
D9: Замена запорной арматуры, наладка системы автоматизированного управления
A10: 1.2. | B10: Реконструкция канализационной насосной станции №1 по ул.Фрунзе с заменой технологического оборудования | C10: Повышение надежности системы водоотведения, снижение износа оборудования системы, увеличение индекса замены оборудования | D10: Замена насосов, 2ед. ФГ 450/22,5. Подача по паспорту - 450 м3/час, фактическая максимальная - 400 м3/час, мощность электродвигателя 75 кВт, напор по паспорту 19 м, фактический - 19 м. Замена насоса 1 ед. СМ 250-200-400 б. Подача по паспорту - 510 м3/час, фактическая максимальная - 510 м3/час, мощность электродвигателя 75 кВт, напор по паспорту 16 м, фактический - 16 м. | H10: X | O10: 1 квартал 2018 | P10: 2 квартал 2018
D11: Замена системы вентиляции: вентилятор ВР-300-45 № 2,5 (КНС-1), вентилятор ВР-300-45 №2 (КНС-1), вентилятор ВР-300-45 №2 (КНС-1), вентилятор ВР-300-45 №3,15 (КНС-1), вентилятор ВР-300-45 №6,3 (КНС-1)
D12: Замена насоса 1 ед. - ФГ 81/31 б. Подача по паспорту - 39 м3/час, фактическая максимальная - 39 м3/час, мощность электродвигателя 315 кВт, напор по паспорту 42 м, фактический - 42 м. Замена насоса СД 160/45. Подача по паспорту - 160 м3/час, фактическая максимальная - 160 м3/час, мощность электродвигателя 200 кВт, напор по паспорту 45 м, фактический - 45 м. Замена насоса ФГ 144/46. Подача по паспорту - 91 м3/час, фактическая максимальная - 91 м3/час, мощность электродвигателя 200 кВт, напор по паспорту 29 м, фактический - 29 м.
D13: Замена задвижки прием. Ду -300
D14: Замена системы вентиляции В-1: вентилятор Ц 470 №2,5-3 ед., вентиль дренажный Ду=32 мм, замена системы вентиляции П-1: вентилятор Ц 470 №5
A15: 1.3. | B15: Реконструкция канализационной насосной станции по ул.Звездная, 14 с заменой технологического оборудования и вентиляционной системы. | C15: Повышение надежности системы водоотведения, снижение износа оборудования системы, увеличение индекса замены оборудования | D15: Замена насоса 1 ед. - ФГ 81/31 б. Подача по паспорту - 39 м3/час, фактическая максимальная - 39 м3/час, мощность электродвигателя 315 кВт, напор по паспорту 42 м, фактический - 42 м. Замена насоса СД 160/45. Подача по паспорту - 160 м3/час, фактическая максимальная - 160 м3/час, мощность электродвигателя 200 кВт, напор по паспорту 45 м, фактический - 45 м. Замена насоса ФГ 144/46. Подача по паспорту - 91 м3/час, фактическая максимальная - 91 м3/час, мощность электродвигателя 200 кВт, напор по паспорту 29 м, фактический - 29 м. | G15: X | O15: 1 квартал 2017 | P15: 2 квартал 2017 | Q15: не выполнено | R15: не выполнено
D16: Замена задвижки прием. Ду -300 (КНС Звездная)
D17: Замена система вентиляции В-1: вентилятор Ц 470 №2,5-3 ед., вентиль дренажный Ду=32 мм
D18: Замена системы вентиляции П-1: вентилятор Ц 470 №5
A19: 1.4. | B19: Реконструкция системы аэрации ОСК (ПСД, ПИР, СМР) | C19: Повышение надежности системы водоотведения, снижение износа оборудования системы, улучшение качества очистки сточных вод, соответствие качества установленным нормам | D19: Всего 8 аэротенков - реконструкция системы аэрации с применением технологии нитри-денитрификации (оборудование: аэраторы АКВА-ПРО-М – 888 п.м., ПНД опуски Д=160мм – 24 шт., механические мешалки – 32 шт., циркуляционный насос – 8 шт.) в комплекте с узлами крепления и присоединительными элементами для восьми секций аэротенков (39×15м), реконструкция воздуходувной станции с установкой регулируемых высокоэффективных воздуходувных агрегатов | G19: X | H19: X | O19: 1 квартал 2017 | P19: 2 квартал 2018
A20: 1.5. | B20: Реконструкция системы аэрации с заменой воздуходувок на ОСК, п. Холодный Родник | C20: Повышение надежности системы водоотведения, снижение износа оборудования системы, улучшение качества очистки сточных вод, соответствие качества сточных вод установленным нормам | D20: Замена воздуходувок ТВ 80-1,6, мощность 160 кВт | H20: X | O20: 1 квартал 2018 | P20: 2 квартал 2018
A21: 1.6. | B21: Реконструкция канализации по ул.Таманская | C21: Увеличение пропускной способности существующих коллекторов. снижение доли сетей, нуждающихся в замене, снижение износа сетей водоотведения, повышение надежности системы водоотведения, обеспечение бесперебойной работы системы водоотведения | D21: Замена керамических сетей водоотведения Ду 200 -400 мм, L=340 м, материал труб- полиэтилен | I21: X | O21: 1 квартал 2019 | P21: 2 квартал 2019
A22: 1.7. | B22: Строительство канализации района Барсовая щель, разработка проекта строительства (ПСД, ПИР) | C22: Повышение надежности системы водоотведения, обеспечение новых потребителей услугой водоотведения, увеличение индекса строительства сетей водоотведения, увеличение доли потребителей в жилых домах, обеспеченных доступом к коммунальной инфраструктуре | D22: Строительство сетей водоотведения Ду 150 мм, L=230 м, материал труб- полиэтилен | E22: X | K22: X | L22: X | O22: 1 квартал 2015 | P22: 2 квартал 2015 | Q22: 3 квартал 2016 | R22: 1 квартал 2017
A23: 1.8. | B23: Реконструкция канализации в районе жилых домов по ул.С.Перовской Ду150-200мм | C23: Увеличение пропускной способности существующих коллекторов. снижение доли сетей, нуждающихся в замене, снижение износа сетей водоотведения, повышение надежности системы водоотведения, обеспечение бесперебойной работы системы водоотведения | D23: Замена керамических сетей водоотведения Ду 150-200 мм, L=300 м, материал труб- полиэтилен | I23: X | O23: 1 квартал 2019 | P23: 2 квартал 2019
A24: 1.9. | B24: Реконструкция канализации по ул.Белинского Ду200мм | C24: Увеличение пропускной способности существующих коллекторов. снижение доли сетей, нуждающихся в замене, снижение износа сетей водоотведения, повышение надежности системы водоотведения, обеспечение бесперебойной работы системы водоотведения | D24: Замена керамических сетей водоотведения Ду 200 мм, L=100 м, материал труб- полиэтилен | E24: X | F24: X | G24: X | K24: X | L24: X | O24: 1 квартал 2015 | P24: 4 квартал 2017 | Q24: 4 квартал 2016 | R24: 1 квартал 2017
A25: 1.10. | B25: Строительство канализации Ду160мм в центральной части города Туапсе | C25: Увеличение пропускной способности существующих коллекторов. снижение доли сетей, нуждающихся в замене, снижение износа сетей водоотведения, повышение надежности системы водоотведения, обеспечение бесперебойной работы системы водоотведения | D25: Строительство сетей водоотведения Ду 160 мм, L=670м, материал труб- полиэтилен | G25: X | H25: X | O25: 1 квартал 2017 | P25: 4 квартал 2018
A26: 1.11. | B26: Реконструкция системы вентиляции в здании решеток на ОСК, п.Холодный родник (с заменой электрической системы) | C26: Повышение надежности системы водоотведения, снижение износа оборудования системы, увеличение индекса замены оборудования | D26: Замена вентиляторов, Ц4-70, мощность 5,5 кВт, отделочные работы, электромонтажные работы | G26: X | L26: X | O26: 1 квартал 2017 | P26: 4 квартал 2017 | Q26: 3 квартал 2017 | R26: 3 квартал 2017
A27: 2. Мероприятия, направленные на подключение новых потребителей
A28: 2.1. | B28: Реконструкция технологических емкостей на городских ОСК, п. Холодный Родник | C28: Повышение надежности системы водоотведения, снижение износа оборудования системы, улучшение качества очистки сточных вод, соответствие качества установленным нормам | D28: Опорожнение, обработка поверхностей, изоляция | F28: X | G28: X | K28: X | L28: X | O28: 1 квартал 2016 | P28: 3 квартал 2017 | Q28: 2 квартал 2016 | R28: 1 квартал 2017
A29: 2.2. | B29: Строительство канализации по ул.Зенитная | C29: Повышение надежности системы водоотведения, обеспечение новых потребителей услугой водоотведения, увеличение индекса строительства сетей водоотведения, увеличение доли потребителей в жилых домах, обеспеченных доступом к коммунальной инфраструктуре | D29: Строительство сетей водоотведения Ду200мм, L=270 м, материал труб- полиэтилен | F29: X | O29: 1 квартал 2016 | P29: 3 квартал 2016 | Q29: не выполнено | R29: не выполнено
A30: 2.3. | B30: Реконструкция системы канализации в районе ул.Морская | C30: Увеличение пропускной способности существующих коллекторов. снижение доли сетей, нуждающихся в замене, снижение износа сетей водоотведения, повышение надежности системы водоотведения, обеспечение бесперебойной работы системы водоотведения | D30: Замена керамических сетей водоотведения Ду200мм, L=240 м, материал труб- полиэтилен | I30: X | O30: 1 квартал 2019 | P30: 3 квартал 2019
A31: 2.4. | B31: Реконструкция системы канализации по улице Полетаева | C31: Увеличение пропускной способности существующих коллекторов. снижение доли сетей, нуждающихся в замене, снижение износа сетей водоотведения, повышение надежности системы водоотведения, обеспечение бесперебойной работы системы водоотведения | D31: Замена керамических сетей водоотведения Ду200мм, L=390 м, материал труб- полиэтилен | E31: X | O31: 1 квартал 2015 | P31: 3 квартал 2015 | Q31: не выполнено | R31: не выполнено
A32: 2.5. | B32: Реконструкция канализации р-она ул.Киевской и пер. Светлый | C32: Увеличение пропускной способности существующих коллекторов. снижение доли сетей, нуждающихся в замене, снижение износа сетей водоотведения, повышение надежности системы водоотведения, обеспечение бесперебойной работы системы водоотведения | D32: Замена керамических сетей водоотведения Ду250мм, L=515 м, материал труб- полиэтилен | F32: X | G32: X | H32: X | K32: X | O32: 1 квартал 2016 | P32: 3 квартал 2018 | Q32: 4 квартал 2016 | R32: 4 квартал 2016
A33: 2.6. | B33: Реконструкция канализации р-она улицы Судоремонтников | C33: Увеличение пропускной способности существующих коллекторов. снижение доли сетей, нуждающихся в замене, снижение износа сетей водоотведения, повышение надежности системы водоотведения, обеспечение бесперебойной работы системы водоотведения | D33: Замена керамических сетей водоотведения Ду200мм, L=430 м, материал труб- полиэтилен | G33: X | H33: X | O33: 1 квартал 2017 | P33: 3 квартал 2018
A34: 2.7. | B34: Строительство внеплощадочных сетей канализации по ул.Б.Хмельницкого, разработка проекта строительства (ПСД, ПИР) | C34: Повышение надежности системы водоотведения, обеспечение новых потребителей услугой водоотведения, увеличение индекса строительства сетей водоотведения, увеличение доли потребителей в жилых домах, обеспеченных доступом к коммунальной инфраструктуре | D34: Строительство сетей водоотведения Ду200мм, L=150 м, материал труб- полиэтилен | E34: X | O34: 1 квартал 2015 | P34: 3 квартал 2015 | Q34: не выполнено | R34: не выполнено
A35: 2.8. | B35: Проектирование и строительство канализации р-на Грознефть Ду150мм (подключение к канализации Ду250мм по ул. Сочинская), разработка проекта строительства (ПСД, ПИР) | C35: Повышение надежности системы водоотведения, обеспечение новых потребителей услугой водоотведения, увеличение индекса строительства сетей водоотведения, увеличение доли потребителей в жилых домах, обеспеченных доступом к коммунальной инфраструктуре | D35: Строительство сетей водоотведения Ду150мм, L=730 м, материал труб- полиэтилен | H35: X | I35: X | O35: 1 квартал 2018 | P35: 3 квартал 2019
A36: 2.9. | B36: Проектирование и строительство канализации р-на Грознефть (подключение к Вельяминовскому коллектору), разработка проекта строительства (ПСД, ПИР) | C36: Повышение надежности системы водоотведения, обеспечение новых потребителей услугой водоотведения, увеличение индекса строительства сетей водоотведения, увеличение доли потребителей в жилых домах, обеспеченных доступом к коммунальной инфраструктуре | D36: Строительство сетей водоотведения Ду200мм, L=520 м, материал труб- полиэтилен | E36: X | F36: X | I36: X | K36: X | L36: X | O36: 1 квартал 2015 | P36: 3 квартал 2019 | Q36: 2 квартал 2016 | R36: 3 квартал 2017
A37: 2.10. | B37: Проектирование и строительство канализации р-на ул. Интернациональная, разработка проекта строительства (ПСД, ПИР) | C37: Повышение надежности системы водоотведения, обеспечение новых потребителей услугой водоотведения, увеличение индекса строительства сетей водоотведения, увеличение доли потребителей в жилых домах, обеспеченных доступом к коммунальной инфраструктуре | D37: Строительство сетей водоотведения Ду150мм, L=270 м, материал труб- полиэтилен | E37: X | F37: X | O37: 1 квартал 2015 | P37: 3 квартал 2016 | Q37: не выполнено | R37: не выполнено
B41: Исполнитель | C41: Пустовит А.В.

Sheet Плановые показатели
K1: Приложение 7
A3: Контроль за достижением плановых значений показателей инвестиционной программы МУП "ЖКХ города Туапсе", достижение которых предусмотрено в результате реализации соответствующих мероприятий инвестиционной программы в сфере водоотведения
A5: № п/п | B5: Наименование показателя | C5: Ед. изм. | D5: Плановые значения показателей | I5: Фактические значения показателей | N5: Пояснения в случае наличия отклонений от плана
D6: в т.ч. по годам реализации | I6: в т.ч. по годам реализации
D7: 2015 год | E7: 2016 год | F7: 2017 год | G7: 2018 год | H7: 2019 год | I7: 2015 год | J7: 2016 год | K7: 2017 год | L7: 2018 год | M7: 2019 год
A8: 1 | B8: 2 | C8: 3 | D8: 5 | E8: 6 | F8: 7 | G8: 8 | H8: 8 | I8: 9 | J8: 9 | K8: 10 | L8: 11 | M8: 11 | N8: 12
A9: 1 | B9: Удельный расход электрической энергии, потребляемой в технологическом процессе транспортировки сточных вод на единицу объема транспортируемых сточных вод | C9: кВт*ч/м3 | D9: 0.67 | E9: 0.66 | F9: 0.65 | G9: 0.64 | H9: 0.63 | I9: 0.75000715 | J9: =J10/J11 -> 0.64488459 | K9: =K10/K11 -> 0.82800215 | L9: =L10/L11 -> #DIV/0! | M9: =M10/M11 -> #DIV/0!
A10: 1.1. | B10: Общее количество электрической энергии | C10: тыс. кВт*ч | D10: 4733.23 | E10: 3840.602 | F10: 3782.411 | G10: 3724.22 | I10: 5765.68 | J10: 5437.97 | K10: 4304.914
A11: 1.2. | B11: Общий объем сточных вод | C11: тыс. м3 | D11: 6179.15 | E11: 5819.064 | F11: 5819.094 | G11: 5819.094 | I11: 7687.5 | J11: 8432.47 | K11: 5199.158
A12: 2 | B12: Удельное количество аварий и засоров в расчете на протяженность канализационной сети в год | C12: ед./км. | D12: 0 | E12: 0 | F12: 0 | G12: 0 | H12: 0 | I12: 21.395089 | J12: =J13/J14 -> 21.701576 | K12: =K13/K14 -> 19.018384 | L12: =L13/L14 -> #DIV/0! | M12: =M13/M14 -> #DIV/0!
A13: 2.1. | B13: Количество аварий и засоров на канализационных сетях | C13: ед. | D13: 0 | E13: 0 | F13: 0 | G13: 0 | H13: 0 | I13: 1917 | J13: 2010 | K13: 1679
A14: 2.2. | B14: Протяженность сетей водоотведения | C14: км. | D14: 91.89 | E14: 98.59 | F14: 104.15 | G14: 107.13 | H14: 109.43 | I14: 89.6 | J14: 92.62 | K14: 88.283
A15: 3 | B15: Доля сточных вод, не подвергающихся очистке, в общем объеме сточных вод, сбрасываемых в централизованные общесплавные или бытовые системы водоотведения | C15: % | D15: 0 | E15: 0 | F15: 0 | G15: 0 | I15: 0 | J15: =J16/J17*100 -> 0 | K15: =K16/K17*100 -> 0 | L15: =L16/L17*100 -> #DIV/0! | M15: =M16/M17*100 -> #DIV/0!
A16: 3.1. | B16: Объем сточных вод, не подвергшихся очистке | C16: ед. | D16: 0 | E16: 0 | F16: 0 | G16: 0 | I16: 0 | J16: 0 | K16: 0
A17: 3.2. | B17: Общий объем сточных вод, сбрасываемых в централизованные общесплавные или бытовые системы водоотведения | C17: ед. | D17: 6179.15 | E17: 5819.064 | F17: 5819.094 | G17: 5819.094 | I17: 7687.5 | J17: 8432.47 | K17: 5199.158
A18: 4 | B18: Доля проб сточных вод, не соответствующих установленным нормативам допустимых сбросов, лимитам на сбросы для централизованной общесплавной (бытовой) системы водоотведения | C18: % | D18: 0 | E18: 0 | F18: 0 | G18: 0 | I18: 0 | J18: =J19/J20*100 -> 0 | K18: =K19/K20*100 -> 0 | L18: =L19/L20*100 -> #DIV/0! | M18: =M19/M20*100 -> #DIV/0!
A19: 4.1. | B19: Количество проб сточных вод, не соответствующих установленным нормативам допустимых сбросов, лимитам на сбросы | C19: ед. | D19: 0 | E19: 0 | F19: 0 | G19: 0 | I19: 0 | J19: 0 | K19: 0
A20: 4.2. | B20: Общее количество проб сточных вод, ед. | C20: ед. | D20: 2196 | E20: 2196 | F20: 2196 | G20: 2196 | I20: 2199 | J20: 2196 | K20: 3088
B23: Исполнитель | D23: Пустовит А.В.

Sheet Контроль использ платы за ТП
L1: Приложение 8.2
A2: Контроль расходования средств, полученных за счет платы за подключение (технологическое присоединение) к системе водоотведения
A3: № п/п | E3: Договор о подключении (технологическом присоединении) | N3: Исполнение договора о подключении
B4: Дата, номер заявки | C4: Местонахождение подключаемого объекта | D4: Подключаемая нагрузка, м3/час | E4: Дата, номер договора | F4: Мероприятия по подключению | H4: Местоположение точек подключения | I4: Протяженность сети, п.м | J4: Ставка тарифа за протяженность сети, тыс. руб./п.м (без НДС) | K4: Подключаемая нагрузка, м3/час | L4: Ставка тарифа за подключаемую (технологически присоединяемую) нагрузку, руб./м3/час (без НДС) | M4: Общий размер платы за подключение, тыс. руб. (без НДС) | N4: Реквизиты акта о подключении | O4: Размер фактической оплаты заявителем платы за подключение в течение отчетного периода, тыс. руб. (без НДС) | P4: Задолженность заявителя по договору о подключении на отчетную дату, тыс. руб. (без НДС) | Q4: в том числе, просроченная задолженность заявителя по договору о подключении на отчетную дату, тыс. руб. (без НДС)
F5: Перечень мероприятий | G5: Относятся к соответствующему мероприятию инвестиционной программы (указать наименование)
A6: 2015 год
A7: 1 | C7: жилые дома и ИЖС | D7: 0.873 | F7: 1. Проектирование и строительство канализации района Грознефть (подключение к Вельяминовскому коллектору), разработка проекта строительства (ПСД, ПИР) 520м; 2. Проектирование и строительство канализации района ул.Интернациональная, разработка проекта строительства (ПСД, ПИР) 270м | G7: 1. Проектирование и строительство канализации района Грознефть (подключение к Вельяминовскому коллектору), разработка проекта строительства (ПСД, ПИР) 520м; 2. Проектирование и строительство канализации района ул.Интернациональная, разработка проекта строительства (ПСД, ПИР) 270м | K7: 0.873 | L7: 386493.86 | M7: 337.409 | O7: 337.409 | P7: =M7-O7 -> 0 | Q7: 0
A8: 2 | B8: №290 от 25.02.2015г. | C8: Административное здание по ул.К.Маркса,36 | D8: 0.1 | E8: № 01 от 19.03.2015 К ТУ МП 14-91 от 13.03.2015 | F8: Инвестиционный проект по строительству, модернизации и реконструкции объектов централизованных систем водоотведения в целях подключения объектов капитального строительства абонентов | G8: Инвестиционный проект по строительству, модернизации и реконструкции объектов централизованных систем водоотведения в целях подключения объектов капитального строительства абонентов | H8: Существующий колодец на канализации Ду150мм по ул.К.Маркса | K8: 0.1 | L8: 386493.86 | M8: 38.649 | N8: №01 от 28.07.2014г. | O8: 38.649 | P8: =M8-O8 -> 0 | Q8: 0
A9: 3 | C9: Строительство остановочного комплекса по ул.Б.Хмельницкого (район локомотивное депо) | D9: 0.01 | E9: № 02 от 25.03.2015 К ТУ МП 14-91 от 13.03.2015 | F9: Инвестиционный проект по строительству, модернизации и реконструкции объектов централизованных систем водоотведения в целях подключения объектов капитального строительства абонентов | G9: Инвестиционный проект по строительству, модернизации и реконструкции объектов централизованных систем водоотведения в целях подключения объектов капитального строительства абонентов | K9: 0.01 | L9: 386493.86 | M9: 3.864 | O9: 3.864 | P9: =M9-O9 -> 0 | Q9: 0
A10: 4 | C10: Нежилое здание по ул.Пушкина,49а | D10: 0.008 | E10: № 3 от 23.04.2015 К ТУ МП 14-147 от 12.11.2014 | F10: Инвестиционный проект по строительству, модернизации и реконструкции объектов централизованных систем водоотведения в целях подключения объектов капитального строительства абонентов | G10: Инвестиционный проект по строительству, модернизации и реконструкции объектов централизованных систем водоотведения в целях подключения объектов капитального строительства абонентов | K10: 0.008 | L10: 386493.86 | M10: 3.091 | O10: 3.091 | P10: =M10-O10 -> 0 | Q10: 0
A11: 5 | C11: Нежилое помещение по ул.Фрунзе,22 пом. 33 | D11: 0.014 | E11: № 6 от 17.04.2015 К ТУ МП 14-157 от 24.12.2014 | F11: Инвестиционный проект по строительству, модернизации и реконструкции объектов централизованных систем водоотведения в целях подключения объектов капитального строительства абонентов | G11: Инвестиционный проект по строительству, модернизации и реконструкции объектов централизованных систем водоотведения в целях подключения объектов капитального строительства абонентов | K11: 0.014 | L11: 386493.86 | M11: 5.41 | O11: 5.41 | P11: =M11-O11 -> 0 | Q11: 0
A12: 6 | C12: Гараж с надстройкой 2-го этажа по ул.Космонавтов | D12: 0.01 | E12: № 8 от 24.04.2015 К ТУ МП 14-65 от 25.06.2014 | F12: Инвестиционный проект по строительству, модернизации и реконструкции объектов централизованных систем водоотведения в целях подключения объектов капитального строительства абонентов | G12: Инвестиционный проект по строительству, модернизации и реконструкции объектов централизованных систем водоотведения в целях подключения объектов капитального строительства абонентов | K12: 0.01 | L12: 386493.86 | M12: 3.864 | O12: 3.864 | P12: =M12-O12 -> 0 | Q12: 0
A13: 7 | C13: Нежилое помещение по пл.Ильича,4 пом.3 | D13: 0.006 | E13: № 7 от 27.05.2015 К ТУ МП 15-09 от 18.03.2015 | F13: Инвестиционный проект по строительству, модернизации и реконструкции объектов централизованных систем водоотведения в целях подключения объектов капитального строительства абонентов | G13: Инвестиционный проект по строительству, модернизации и реконструкции объектов централизованных систем водоотведения в целях подключения объектов капитального строительства абонентов | K13: 0.006 | L13: 386493.86 | M13: 2.318 | O13: 2.318 | P13: =M13-O13 -> 0 | Q13: 0
A14: 8 | C14: Нежилое помещение по ул.Фрунзе,8 пом.20 | D14: 0.0056 | E14: № 9 от 05.06.2015 К ТУ МП 15-07 от 15.02.2015 | F14: Инвестиционный проект по строительству, модернизации и реконструкции объектов централизованных систем водоотведения в целях подключения объектов капитального строительства абонентов | G14: Инвестиционный проект по строительству, модернизации и реконструкции объектов централизованных систем водоотведения в целях подключения объектов капитального строительства абонентов | K14: 0.0056 | L14: 386493.86 | M14: 2.164 | O14: 2.164 | P14: =M14-O14 -> 0 | Q14: 0
A15: 9 | C15: Нежилое помещение по ул.М.Жукова,16 пом.18 | D15: 0.005 | E15: № 11 от 08.06.2015 К ТУ МП 15-08 от 04.03.2015 | F15: Инвестиционный проект по строительству, модернизации и реконструкции объектов централизованных систем водоотведения в целях подключения объектов капитального строительства абонентов | G15: Инвестиционный проект по строительству, модернизации и реконструкции объектов централизованных систем водоотведения в целях подключения объектов капитального строительства абонентов | K15: 0.005 | L15: 386493.86 | M15: 1.932 | O15: 1.932 | P15: =M15-O15 -> 0 | Q15: 0
A16: 10 | C16: Остановочный комплекс по ул.Калараша,16-б | D16: 0.016 | E16: № 16 от 05.06.2015 К ТУ МП 13-21 от 03.04.2013 | F16: Инвестиционный проект по строительству, модернизации и реконструкции объектов централизованных систем водоотведения в целях подключения объектов капитального строительства абонентов | G16: Инвестиционный проект по строительству, модернизации и реконструкции объектов централизованных систем водоотведения в целях подключения объектов капитального строительства абонентов | K16: 0.016 | L16: 386493.86 | M16: 6.183 | O16: 6.183 | P16: =M16-O16 -> 0 | Q16: 0
A17: 11 | C17: Нежилое помещение по ул.Калараша,3-б (исп. Как жилое) | D17: 0.01 | E17: № 21 от 10.06.2015 К ТУ МП 13-116 от 09.10.2013 | F17: Инвестиционный проект по строительству, модернизации и реконструкции объектов централизованных систем водоотведения в целях подключения объектов капитального строительства абонентов | G17: Инвестиционный проект по строительству, модернизации и реконструкции объектов централизованных систем водоотведения в целях подключения объектов капитального строительства абонентов | K17: 0.01 | L17: 386493.86 | M17: 3.864 | O17: 3.864 | P17: =M17-O17 -> 0 | Q17: 0
A18: 12 | C18: Размещение нестацион. Торговых объектов - аттракционы по Мор.бульвару | D18: 0.004 | E18: № 19 от 10.06.2015 К ТУ МП 15-19 от 22.04.2015 | F18: Инвестиционный проект по строительству, модернизации и реконструкции объектов централизованных систем водоотведения в целях подключения объектов капитального строительства абонентов | G18: Инвестиционный проект по строительству, модернизации и реконструкции объектов централизованных систем водоотведения в целях подключения объектов капитального строительства абонентов | K18: 0.004 | L18: 386493.86 | M18: 1.545 | O18: 1.545 | P18: =M18-O18 -> 0 | Q18: 0
A19: 13 | C19: Адм. Здание по ул.Калараша,5-б | D19: 0.011 | E19: № 18 от 22.06.2015 К ТУ МП 14-144 от 22.04.2014 | F19: Инвестиционный проект по строительству, модернизации и реконструкции объектов централизованных систем водоотведения в целях подключения объектов капитального строительства абонентов | G19: Инвестиционный проект по строительству, модернизации и реконструкции объектов централизованных систем водоотведения в целях подключения объектов капитального строительства абонентов | K19: 0.011 | L19: 386493.86 | M19: 4.251 | O19: 4.251 | P19: =M19-O19 -> 0 | Q19: 0
A20: 14 | C20: Многоквартирный жилой дом по ул.Приречная,14 | D20: 0.2 | E20: № 20 от 24.06.2015 К ТУ П15-18 от 29.04.2015 | F20: Инвестиционный проект по строительству, модернизации и реконструкции объектов централизованных систем водоотведения в целях подключения объектов капитального строительства абонентов | G20: Инвестиционный проект по строительству, модернизации и реконструкции объектов централизованных систем водоотведения в целях подключения объектов капитального строительства абонентов | K20: 0.2 | L20: 386493.86 | M20: 77.298 | O20: 77.298 | P20: =M20-O20 -> 0 | Q20: 0
... A41: 35 | C41: Хозяйственный блок по ул.Новицкого,4 | D41: 0.0025 | E41: № 43 от 21.12.2015 К ТУ МП 15-51 от 09.09.2015 | F41: Инвестиционный проект по строительству, модернизации и реконструкции объектов централизованных систем водоотведения в целях подключения объектов капитального строительства абонентов | G41: Инвестиционный проект по строительству, модернизации и реконструкции объектов централизованных систем водоотведения в целях подключения объектов капитального строительства абонентов | K41: 0.0025 | L41: 386493.86 | M41: 0.966 | O41: 0.966 | P41: =M41-O41 -> 0 | Q41: 0
A42: 2016 год
A43: 1 | B43: ­ | C43: ­ | D43: 0.1 | E43: 10 договоров | F43: 1. Проектирование и строительство канализации района Грознефть (подключение к Вельяминовскому коллектору), разработка проекта строительства (ПСД, ПИР) 520м; 2. Проектирование и строительство канализации района ул.Интернациональная, разработка проекта строительства (ПСД, ПИР) 270м | G43: 1. Проектирование и строительство канализации района Грознефть (подключение к Вельяминовскому коллектору), разработка проекта строительства (ПСД, ПИР) 520м; 2. Проектирование и строительство канализации района ул.Интернациональная, разработка проекта строительства (ПСД, ПИР) 270м | K43: 0.1 | L43: 386493.86 | M43: 38.649 | O43: 38.649 | P43: =M43-O43 -> 0 | Q43: 0
A44: 2 | C44: ЗУ для размещения жилых домов блокированной застройки (3 жилых блока) по ул.Калараша,74б | D44: 0.03 | E44: № 54 от 26.01.2015 К ТУ МП 15-81 от 23.12.2015 | F44: Инвестиционный проект по строительству, модернизации и реконструкции объектов централизованных систем водоотведения в целях подключения объектов капитального строительства абонентов | G44: Инвестиционный проект по строительству, модернизации и реконструкции объектов централизованных систем водоотведения в целях подключения объектов капитального строительства абонентов | K44: 0.03 | L44: 386493.86 | M44: 11.594 | O44: 11.594 | P44: =M44-O44 -> 0 | Q44: 0
A45: 3 | C45: Земельный участок под строительную площадку в с.Мессажай | D45: 0 | E45: № 04 от 03.02.2016 К ТУ МП 14-93 от 23.07.2014 | F45: Инвестиционный проект по строительству, модернизации и реконструкции объектов централизованных систем водоотведения в целях подключения объектов капитального строительства абонентов | G45: Инвестиционный проект по строительству, модернизации и реконструкции объектов централизованных систем водоотведения в целях подключения объектов капитального строительства абонентов | K45: 0 | L45: 386493.86 | M45: 0 | O45: 0 | P45: =M45-O45 -> 0 | Q45: 0
A46: 4 | C46: ГСК №24 (бокс №45) по ул.Звездная | D46: 0 | E46: № 55 от 11.02.2016 К ТУ МП 15-79 от 09.12.2015 | F46: Инвестиционный проект по строительству, модернизации и реконструкции объектов централизованных систем водоотведения в целях подключения объектов капитального строительства абонентов | G46: Инвестиционный проект по строительству, модернизации и реконструкции объектов централизованных систем водоотведения в целях подключения объектов капитального строительства абонентов | K46: 0 | L46: 386493.86 | M46: 0 | O46: 0 | P46: =M46-O46 -> 0 | Q46: 0
A47: 5 | C47: Нежилое помещение №8-11 по ул.С.Перовской,10 (кв. 21) | D47: 0.003 | E47: № 01 от 14.03.2016 К ТУ МП 16-06 от 20.01.2016 | F47: Инвестиционный проект по строительству, модернизации и реконструкции объектов централизованных систем водоотведения в целях подключения объектов капитального строительства абонентов | G47: Инвестиционный проект по строительству, модернизации и реконструкции объектов централизованных систем водоотведения в целях подключения объектов капитального строительства абонентов | K47: 0.003 | L47: 386493.86 | M47: 1.159 | O47: 1.159 | P47: =M47-O47 -> 0 | Q47: 0
A48: 6 | C48: Хоз. Строение по ул.Маяковского,31 | D48: 0 | E48: № 02 от 16.03.2016 К ТУ МП 15-84 от 30.12.2015 | F48: Инвестиционный проект по строительству, модернизации и реконструкции объектов централизованных систем водоотведения в целях подключения объектов капитального строительства абонентов | G48: Инвестиционный проект по строительству, модернизации и реконструкции объектов централизованных систем водоотведения в целях подключения объектов капитального строительства абонентов | K48: 0 | L48: 386493.86 | M48: 0 | O48: 0 | P48: =M48-O48 -> 0 | Q48: 0
A49: 7 | C49: Нежилое помещение (магазин) по ул.Кронштадтская,30 | D49: 0.009 | E49: № 23 от 17.03.2016 К ТУ МП 15-21/1 от 22.04.2015 | F49: Инвестиционный проект по строительству, модернизации и реконструкции объектов централизованных систем водоотведения в целях подключения объектов капитального строительства абонентов | G49: Инвестиционный проект по строительству, модернизации и реконструкции объектов централизованных систем водоотведения в целях подключения объектов капитального строительства абонентов | K49: 0.009 | L49: 386493.86 | M49: 3.478 | O49: 3.478 | P49: =M49-O49 -> 0 | Q49: 0
A50: 8 | C50: Два многоквартирных жилых дома по ул.Калараша,54г, 54д | D50: 0.78 | E50: № 53 от 29.03.2016 К ТУ МП 14-30 от 24.09.2014 | F50: Инвестиционный проект по строительству, модернизации и реконструкции объектов централизованных систем водоотведения в целях подключения объектов капитального строительства абонентов | G50: Инвестиционный проект по строительству, модернизации и реконструкции объектов централизованных систем водоотведения в целях подключения объектов капитального строительства абонентов | K50: 0.78 | L50: 386493.86 | M50: 301.465 | O50: 60.16949 | P50: =M50-O50 -> 241.29551 | Q50: =P50 -> 241.29551
A51: 9 | C51: Жилой дом (1/2 доли) по ул.Трудовая,5 | D51: 0.01 | E51: 16-2589-П-ФИЗ от 10.02.2016 | F51: 1. Проектирование и строительство канализации района Грознефть (подключение к Вельяминовскому коллектору), разработка проекта строительства (ПСД, ПИР) 520м; 2. Проектирование и строительство канализации района ул.Интернациональная, разработка проекта строительства (ПСД, ПИР) 270м | G51: 1. Проектирование и строительство канализации района Грознефть (подключение к Вельяминовскому коллектору), разработка проекта строительства (ПСД, ПИР) 520м; 2. Проектирование и строительство канализации района ул.Интернациональная, разработка проекта строительства (ПСД, ПИР) 270м | K51: 0.01 | L51: 386493.86 | M51: 2.30072 | O51: 2.30072 | P51: =M51-O51 -> 0 | Q51: 0
A52: 10 | C52: Жилой дом по ул.К.Цеткин,53 | D52: 0.01 | E52: 16-2675-П-ФИЗ от 20.04.2016 | F52: 1. Проектирование и строительство канализации района Грознефть (подключение к Вельяминовскому коллектору), разработка проекта строительства (ПСД, ПИР) 520м; 2. Проектирование и строительство канализации района ул.Интернациональная, разработка проекта строительства (ПСД, ПИР) 270м | G52: 1. Проектирование и строительство канализации района Грознефть (подключение к Вельяминовскому коллектору), разработка проекта строительства (ПСД, ПИР) 520м; 2. Проектирование и строительство канализации района ул.Интернациональная, разработка проекта строительства (ПСД, ПИР) 270м | K52: 0.01 | L52: 386493.86 | M52: 2.30072 | O52: 2.30072 | P52: =M52-O52 -> 0 | Q52: 0
A53: 11 | C53: Жилой дом по ул.Трудовая,9а | D53: 0.01 | E53: 2563-П-ФИЗ от 03.02.2016 | F53: 1. Проектирование и строительство канализации района Грознефть (подключение к Вельяминовскому коллектору), разработка проекта строительства (ПСД, ПИР) 520м; 2. Проектирование и строительство канализации района ул.Интернациональная, разработка проекта строительства (ПСД, ПИР) 270м | G53: 1. Проектирование и строительство канализации района Грознефть (подключение к Вельяминовскому коллектору), разработка проекта строительства (ПСД, ПИР) 520м; 2. Проектирование и строительство канализации района ул.Интернациональная, разработка проекта строительства (ПСД, ПИР) 270м | K53: 0.01 | L53: 386493.86 | M53: 2.30072 | O53: 2.30072 | P53: =M53-O53 -> 0 | Q53: 0
A54: 12 | C54: Жилой дом по пер.Тихий,3 | D54: 0.01 | E54: 1585-П-ФИЗ от 13.11.2013 | F54: 1. Проектирование и строительство канализации района Грознефть (подключение к Вельяминовскому коллектору), разработка проекта строительства (ПСД, ПИР) 520м; 2. Проектирование и строительство канализации района ул.Интернациональная, разработка проекта строительства (ПСД, ПИР) 270м | G54: 1. Проектирование и строительство канализации района Грознефть (подключение к Вельяминовскому коллектору), разработка проекта строительства (ПСД, ПИР) 520м; 2. Проектирование и строительство канализации района ул.Интернациональная, разработка проекта строительства (ПСД, ПИР) 270м | K54: 0.01 | L54: 386493.86 | M54: 1.90959 | O54: 1.90959 | P54: =M54-O54 -> 0 | Q54: 0
A55: 13 | C55: Хоз. Блок по ул.Герцена,17 | D55: 0.01 | E55: 2492-П-ФИЗ от 02.11.2015 | F55: 1. Проектирование и строительство канализации района Грознефть (подключение к Вельяминовскому коллектору), разработка проекта строительства (ПСД, ПИР) 520м; 2. Проектирование и строительство канализации района ул.Интернациональная, разработка проекта строительства (ПСД, ПИР) 270м | G55: 1. Проектирование и строительство канализации района Грознефть (подключение к Вельяминовскому коллектору), разработка проекта строительства (ПСД, ПИР) 520м; 2. Проектирование и строительство канализации района ул.Интернациональная, разработка проекта строительства (ПСД, ПИР) 270м | K55: 0.01 | L55: 386493.86 | M55: 3.86493 | O55: 3.86493 | P55: =M55-O55 -> 0 | Q55: 0
A56: 14 | C56: Незавершенный стр-ом жилой дом по ул.Пушкина,49а | D56: 0.01 | E56: 2535-П-ФИЗ от 30.12.2016 | F56: 1. Проектирование и строительство канализации района Грознефть (подключение к Вельяминовскому коллектору), разработка проекта строительства (ПСД, ПИР) 520м; 2. Проектирование и строительство канализации района ул.Интернациональная, разработка проекта строительства (ПСД, ПИР) 270м | G56: 1. Проектирование и строительство канализации района Грознефть (подключение к Вельяминовскому коллектору), разработка проекта строительства (ПСД, ПИР) 520м; 2. Проектирование и строительство канализации района ул.Интернациональная, разработка проекта строительства (ПСД, ПИР) 270м | K56: 0.01 | L56: 386493.86 | M56: 3.86493 | O56: 3.86493 | P56: =M56-O56 -> 0 | Q56: 0
A57: 15 | C57: Жилой дом по ул.Дзержинского,31 | D57: 0.01 | E57: 16-2623-П-ФИЗ от 09.03.2016 | F57: 1. Проектирование и строительство канализации района Грознефть (подключение к Вельяминовскому коллектору), разработка проекта строительства (ПСД, ПИР) 520м; 2. Проектирование и строительство канализации района ул.Интернациональная, разработка проекта строительства (ПСД, ПИР) 270м | G57: 1. Проектирование и строительство канализации района Грознефть (подключение к Вельяминовскому коллектору), разработка проекта строительства (ПСД, ПИР) 520м; 2. Проектирование и строительство канализации района ул.Интернациональная, разработка проекта строительства (ПСД, ПИР) 270м | K57: 0.01 | L57: 386493.86 | M57: 3.86493 | O57: 3.86493 | P57: =M57-O57 -> 0 | Q57: 0
A58: 16 | C58: Жилой дом по ул.Кавказская,1в | D58: 0.01 | E58: 16-2602-П-ФИЗ от 24.02.2016 | F58: 1. Проектирование и строительство канализации района Грознефть (подключение к Вельяминовскому коллектору), разработка проекта строительства (ПСД, ПИР) 520м; 2. Проектирование и строительство канализации района ул.Интернациональная, разработка проекта строительства (ПСД, ПИР) 270м | G58: 1. Проектирование и строительство канализации района Грознефть (подключение к Вельяминовскому коллектору), разработка проекта строительства (ПСД, ПИР) 520м; 2. Проектирование и строительство канализации района ул.Интернациональная, разработка проекта строительства (ПСД, ПИР) 270м | K58: 0.01 | L58: 386493.86 | M58: 3.86493 | O58: 3.86493 | P58: =M58-O58 -> 0 | Q58: 0
A59: 17 | C59: ЗУ для ИЖС по ул.Полетаева,51а | D59: 0.01 | E59: 2185-П-ФИЗ от 22.04.2015 | F59: 1. Проектирование и строительство канализации района Грознефть (подключение к Вельяминовскому коллектору), разработка проекта строительства (ПСД, ПИР) 520м; 2. Проектирование и строительство канализации района ул.Интернациональная, разработка проекта строительства (ПСД, ПИР) 270м | G59: 1. Проектирование и строительство канализации района Грознефть (подключение к Вельяминовскому коллектору), разработка проекта строительства (ПСД, ПИР) 520м; 2. Проектирование и строительство канализации района ул.Интернациональная, разработка проекта строительства (ПСД, ПИР) 270м | K59: 0.01 | L59: 386493.86 | M59: 3.86493 | O59: 3.86493 | P59: =M59-O59 -> 0 | Q59: 0
A60: 18 | C60: Жилой дом (4/11 доли) по ул.Саратовская,14 | D60: 0.01 | E60: 2530-П-ФИЗ от 23.12.2015 | F60: 1. Проектирование и строительство канализации района Грознефть (подключение к Вельяминовскому коллектору), разработка проекта строительства (ПСД, ПИР) 520м; 2. Проектирование и строительство канализации района ул.Интернациональная, разработка проекта строительства (ПСД, ПИР) 270м | G60: 1. Проектирование и строительство канализации района Грознефть (подключение к Вельяминовскому коллектору), разработка проекта строительства (ПСД, ПИР) 520м; 2. Проектирование и строительство канализации района ул.Интернациональная, разработка проекта строительства (ПСД, ПИР) 270м | K60: 0.01 | L60: 386493.86 | M60: 2.30072 | O60: 2.30072 | P60: =M60-O60 -> 0 | Q60: 0
A61: 19 | C61: Жилой дом (1/6 доли) по ул.Кирова,52 | D61: 0.01 | E61: 16-2584-П-ФИЗ от 10.02.2016 | F61: 1. Проектирование и строительство канализации района Грознефть (подключение к Вельяминовскому коллектору), разработка проекта строительства (ПСД, ПИР) 520м; 2. Проектирование и строительство канализации района ул.Интернациональная, разработка проекта строительства (ПСД, ПИР) 270м | G61: 1. Проектирование и строительство канализации района Грознефть (подключение к Вельяминовскому коллектору), разработка проекта строительства (ПСД, ПИР) 520м; 2. Проектирование и строительство канализации района ул.Интернациональная, разработка проекта строительства (ПСД, ПИР) 270м | K61: 0.01 | L61: 386493.86 | M61: 3.86493 | O61: 3.86493 | P61: =M61-O61 -> 0 | Q61: 0
A62: 20 | C62: Жилой дом (1/6 доли) по ул.Заводская,6 | D62: 0.01 | E62: 16-2497/1-П-ФИЗ от 09.12.2015 | F62: 1. Проектирование и строительство канализации района Грознефть (подключение к Вельяминовскому коллектору), разработка проекта строительства (ПСД, ПИР) 520м; 2. Проектирование и строительство канализации района ул.Интернациональная, разработка проекта строительства (ПСД, ПИР) 270м | G62: 1. Проектирование и строительство канализации района Грознефть (подключение к Вельяминовскому коллектору), разработка проекта строительства (ПСД, ПИР) 520м; 2. Проектирование и строительство канализации района ул.Интернациональная, разработка проекта строительства (ПСД, ПИР) 270м | K62: 0.01 | L62: 386493.86 | M62: 3.86493 | O62: 3.86493 | P62: =M62-O62 -> 0 | Q62: 0
... A94: 52 | C94: Жилой дом (1/2 доли) по ул.К.Либкнехта,10 | D94: 0.01 | E94: 16-2637-П-ФИЗ от 23.03.2016 | F94: 1. Проектирование и строительство канализации района Грознефть (подключение к Вельяминовскому коллектору), разработка проекта строительства (ПСД, ПИР) 520м; 2. Проектирование и строительство канализации района ул.Интернациональная, разработка проекта строительства (ПСД, ПИР) 270м | G94: 1. Проектирование и строительство канализации района Грознефть (подключение к Вельяминовскому коллектору), разработка проекта строительства (ПСД, ПИР) 520м; 2. Проектирование и строительство канализации района ул.Интернациональная, разработка проекта строительства (ПСД, ПИР) 270м | K94: 0.01 | L94: 386493.86 | M94: 3.86493 | O94: 3.86493 | P94: =M94-O94 -> 0 | Q94: 0
A95: 53 | C95: Жилой дом (1/2 доли) по ул.Тургенева,7 | E95: 2476-П-ФИЗ от 11.11.2015 | F95: Размер платы за протяженность сети (2,5м) | G95: Размер платы за протяженность сети (2,5м) | M95: 8.3 | O95: 8.3 | P95: =M95-O95 -> 0 | Q95: 0
A96: 54 | C96: Жилой дом по ул.Саратовская,19 | D96: 0.01 | E96: 2500-П-ФИЗ от 09.12.2015 | F96: 1. Проектирование и строительство канализации района Грознефть (подключение к Вельяминовскому коллектору), разработка проекта строительства (ПСД, ПИР) 520м; 2. Проектирование и строительство канализации района ул.Интернациональная, разработка проекта строительства (ПСД, ПИР) 270м | G96: 1. Проектирование и строительство канализации района Грознефть (подключение к Вельяминовскому коллектору), разработка проекта строительства (ПСД, ПИР) 520м; 2. Проектирование и строительство канализации района ул.Интернациональная, разработка проекта строительства (ПСД, ПИР) 270м | K96: 0.01 | L96: 386493.86 | M96: 3.86493 | O96: 3.86493 | P96: =M96-O96 -> 0 | Q96: 0
A97: 55 | C97: Жилой дом по ул.Крупской,10 | D97: 0.01 | E97: 1646-П-ФИЗ от 18.12.2013 | F97: 1. Проектирование и строительство канализации района Грознефть (подключение к Вельяминовскому коллектору), разработка проекта строительства (ПСД, ПИР) 520м; 2. Проектирование и строительство канализации района ул.Интернациональная, разработка проекта строительства (ПСД, ПИР) 270м | G97: 1. Проектирование и строительство канализации района Грознефть (подключение к Вельяминовскому коллектору), разработка проекта строительства (ПСД, ПИР) 520м; 2. Проектирование и строительство канализации района ул.Интернациональная, разработка проекта строительства (ПСД, ПИР) 270м | K97: 0.01 | L97: 386493.86 | M97: 3.86493 | O97: 3.86493 | P97: =M97-O97 -> 0 | Q97: 0
A98: 56 | C98: Жилой дом (28/136 доли) по ул.Р.Люксембург,26 | D98: 0.01 | E98: 1646-П-ФИЗ от 18.12.2013 | F98: 1. Проектирование и строительство канализации района Грознефть (подключение к Вельяминовскому коллектору), разработка проекта строительства (ПСД, ПИР) 520м; 2. Проектирование и строительство канализации района ул.Интернациональная, разработка проекта строительства (ПСД, ПИР) 270м | G98: 1. Проектирование и строительство канализации района Грознефть (подключение к Вельяминовскому коллектору), разработка проекта строительства (ПСД, ПИР) 520м; 2. Проектирование и строительство канализации района ул.Интернациональная, разработка проекта строительства (ПСД, ПИР) 270м | K98: 0.01 | L98: 386493.86 | M98: 3.86493 | O98: 3.86493 | P98: =M98-O98 -> 0 | Q98: 0
A99: 57 | C99: Жилой дом по ул.Заводская,8а | D99: 0.01 | E99: 2510-П-ФИЗ от 16.12.2015 | F99: 1. Проектирование и строительство канализации района Грознефть (подключение к Вельяминовскому коллектору), разработка проекта строительства (ПСД, ПИР) 520м; 2. Проектирование и строительство канализации района ул.Интернациональная, разработка проекта строительства (ПСД, ПИР) 270м | G99: 1. Проектирование и строительство канализации района Грознефть (подключение к Вельяминовскому коллектору), разработка проекта строительства (ПСД, ПИР) 520м; 2. Проектирование и строительство канализации района ул.Интернациональная, разработка проекта строительства (ПСД, ПИР) 270м | K99: 0.01 | L99: 386493.86 | M99: 3.86493 | O99: 3.86493 | P99: =M99-O99 -> 0 | Q99: 0
A100: 58 | C100: Жилой дом по ул.Кадошская,13 | D100: 0.04 | E100: 16-2680-П-ФИЗ от 20.04.2016 | F100: 1. Проектирование и строительство канализации района Грознефть (подключение к Вельяминовскому коллектору), разработка проекта строительства (ПСД, ПИР) 520м; 2. Проектирование и строительство канализации района ул.Интернациональная, разработка проекта строительства (ПСД, ПИР) 270м | G100: 1. Проектирование и строительство канализации района Грознефть (подключение к Вельяминовскому коллектору), разработка проекта строительства (ПСД, ПИР) 520м; 2. Проектирование и строительство канализации района ул.Интернациональная, разработка проекта строительства (ПСД, ПИР) 270м | K100: 0.04 | L100: 386493.86 | M100: 15.45972 | O100: 15.45972 | P100: =M100-O100 -> 0 | Q100: 0
A101: 59 | C101: Нежилое помещение (цокольный этаж) по ул.К.Маркса,29 | D101: 0.0075 | E101: №02/1 ТУ МП16-09 от 03.02.2016 | F101: Инвестиционный проект по строительству, модернизации и реконструкции объектов централизованных систем водоотведения в целях подключения объектов капитального строительства абонентов | G101: Инвестиционный проект по строительству, модернизации и реконструкции объектов централизованных систем водоотведения в целях подключения объектов капитального строительства абонентов | K101: 0.0075 | L101: 386493.86 | M101: 2.8987 | O101: 2.8987 | P101: =M101-O101 -> 0 | Q101: 0
A102: 60 | C102: Нежилое здание (офис) по ул.Калинина,26а | D102: 0.006 | E102: №03 ТУ МП15-23 от 06.05.2015 | F102: Инвестиционный проект по строительству, модернизации и реконструкции объектов централизованных систем водоотведения в целях подключения объектов капитального строительства абонентов | G102: Инвестиционный проект по строительству, модернизации и реконструкции объектов централизованных систем водоотведения в целях подключения объектов капитального строительства абонентов | K102: 0.006 | L102: 386493.86 | M102: 2.31898 | O102: 2.31898 | P102: =M102-O102 -> 0 | Q102: 0
A103: 61 | C103: Гараж по ул.Киевская,127 | D103: 0.01 | E103: №51 ТУ №15-65 от 05.11.2015 | F103: Инвестиционный проект по строительству, модернизации и реконструкции объектов централизованных систем водоотведения в целях подключения объектов капитального строительства абонентов | G103: Инвестиционный проект по строительству, модернизации и реконструкции объектов централизованных систем водоотведения в целях подключения объектов капитального строительства абонентов | K103: 0.01 | L103: 386493.86 | M103: 3.86493 | O103: 3.86493 | P103: =M103-O103 -> 0 | Q103: 0
A104: 62 | C104: Многоквартирный жилой дом по ул.Керченская,15/3 | D104: 0.2 | E104: №04 ТУ П15-17 от 16.04.2015 | F104: Инвестиционный проект по строительству, модернизации и реконструкции объектов централизованных систем водоотведения в целях подключения объектов капитального строительства абонентов | G104: Инвестиционный проект по строительству, модернизации и реконструкции объектов централизованных систем водоотведения в целях подключения объектов капитального строительства абонентов | K104: 0.2 | L104: 386493.86 | M104: 77.29877 | O104: 77.29877 | P104: =M104-O104 -> 0 | Q104: 0
A105: 63 | C105: Строительство многоквартирного жилого дома малоэтажной застройки по ул.Калараша,72ж | D105: 0.47 | E105: №05 ТУ П16-05 от 16.03.2016 | F105: Инвестиционный проект по строительству, модернизации и реконструкции объектов централизованных систем водоотведения в целях подключения объектов капитального строительства абонентов | G105: Инвестиционный проект по строительству, модернизации и реконструкции объектов централизованных систем водоотведения в целях подключения объектов капитального строительства абонентов | K105: 0.47 | L105: 386493.86 | M105: 181.65211 | O105: 181.65211 | P105: =M105-O105 -> 0 | Q105: 0
A106: 64 | C106: Жилое домовладение по ул.Р.Люксембург,31 | D106: 0.237 | E106: №06 ТУ П15-37 от 23.12.2015 | F106: Инвестиционный проект по строительству, модернизации и реконструкции объектов централизованных систем водоотведения в целях подключения объектов капитального строительства абонентов | G106: Инвестиционный проект по строительству, модернизации и реконструкции объектов централизованных систем водоотведения в целях подключения объектов капитального строительства абонентов | K106: 0.237 | L106: 386493.86 | M106: 91.59904 | O106: 91.59904 | P106: =M106-O106 -> 0 | Q106: 0
A107: 65 | C107: Строительство детского кафе по Морскому бульвару,7 | D107: 0.098 | E107: №38 ТУ МП14-95 от 23.07.2014 | F107: Инвестиционный проект по строительству, модернизации и реконструкции объектов централизованных систем водоотведения в целях подключения объектов капитального строительства абонентов | G107: Инвестиционный проект по строительству, модернизации и реконструкции объектов централизованных систем водоотведения в целях подключения объектов капитального строительства абонентов | K107: 0.098 | L107: 386493.86 | M107: 37.87639 | O107: 37.87639 | P107: =M107-O107 -> 0 | Q107: 0
... A249: 207 | C249: 2х24 кв.ж.д. по ул.Калараша,37 (1 этап) | D249: 0.39 | E249: № 33 от 12.08.2016 К ТУ № П16-31 от 10.08.2016 | F249: Инвестиционный проект по строительству, модернизации и реконструкции объектов централизованных систем водоотведения в целях подключения объектов капитального строительства абонентов | G249: Инвестиционный проект по строительству, модернизации и реконструкции объектов централизованных систем водоотведения в целях подключения объектов капитального строительства абонентов | K249: 0.39 | L249: 386493.86 | M249: 128.12271 | O249: 128.12271 | P249: =M249-O249 -> 0 | Q249: 0
A250: 1 квартал 2017 года
A251: 208 | C251: Жилой дом (пом. 1,2,5,6) по ул.Р.Люксембург,50 | D251: 0.01 | E251: №2424-П-ФИЗ от 09.10.2015г. | F251: 1. Проектирование и строительство канализации района Грознефть (подключение к Вельяминовскому коллектору), разработка проекта строительства (ПСД, ПИР) 520м; 2. Проектирование и строительство канализации района ул.Интернациональная, разработка проекта строительства (ПСД, ПИР) 270м | G251: 1. Проектирование и строительство канализации района Грознефть (подключение к Вельяминовскому коллектору), разработка проекта строительства (ПСД, ПИР) 520м; 2. Проектирование и строительство канализации района ул.Интернациональная, разработка проекта строительства (ПСД, ПИР) 270м | K251: 0.01 | L251: 386493.86 | M251: 0.64415 | O251: 0.64415 | P251: 0 | Q251: 0
A252: 209 | C252: Жилой дом по ул. Мичурина, 44 | D252: 0.01 | E252: № 2081-П-ФИЗ от 17.12.2014 | F252: 1. Проектирование и строительство канализации района Грознефть (подключение к Вельяминовскому коллектору), разработка проекта строительства (ПСД, ПИР) 520м; 2. Проектирование и строительство канализации района ул.Интернациональная, разработка проекта строительства (ПСД, ПИР) 270м | G252: 1. Проектирование и строительство канализации района Грознефть (подключение к Вельяминовскому коллектору), разработка проекта строительства (ПСД, ПИР) 520м; 2. Проектирование и строительство канализации района ул.Интернациональная, разработка проекта строительства (ПСД, ПИР) 270м | K252: 0.01 | L252: 386493.86 | M252: 3.86493 | O252: 3.86493 | P252: 0 | Q252: 0
A253: 210 | C253: Жилой дом по ул. Крылова, 12 | D253: 0.01 | E253: № 2012-П-ФИЗ от 15.10.2014 | F253: 1. Проектирование и строительство канализации района Грознефть (подключение к Вельяминовскому коллектору), разработка проекта строительства (ПСД, ПИР) 520м; 2. Проектирование и строительство канализации района ул.Интернациональная, разработка проекта строительства (ПСД, ПИР) 270м | G253: 1. Проектирование и строительство канализации района Грознефть (подключение к Вельяминовскому коллектору), разработка проекта строительства (ПСД, ПИР) 520м; 2. Проектирование и строительство канализации района ул.Интернациональная, разработка проекта строительства (ПСД, ПИР) 270м | K253: 0.01 | L253: 386493.86 | M253: 3.86493 | O253: 3.86493 | P253: 0 | Q253: 0
A254: 211 | C254: Подключение к канализации жилого дома по ул. Саратовская, 29 | D254: 0.01 | E254: № 16-2958-П-ФИЗ от 02.11.2016 | F254: 1. Проектирование и строительство канализации района Грознефть (подключение к Вельяминовскому коллектору), разработка проекта строительства (ПСД, ПИР) 520м; 2. Проектирование и строительство канализации района ул.Интернациональная, разработка проекта строительства (ПСД, ПИР) 270м | G254: 1. Проектирование и строительство канализации района Грознефть (подключение к Вельяминовскому коллектору), разработка проекта строительства (ПСД, ПИР) 520м; 2. Проектирование и строительство канализации района ул.Интернациональная, разработка проекта строительства (ПСД, ПИР) 270м | K254: 0.01 | L254: 386493.86 | M254: 0.9322 | O254: 0.9322 | P254: 0 | Q254: 0
A255: 212 | C255: Подключение к канализации 1/4 жилого дома по ул. Туапсинская, 17 | D255: 0.01 | E255: № 16-2733-П-ФИЗ от 08.06.2016 | F255: 1. Проектирование и строительство канализации района Грознефть (подключение к Вельяминовскому коллектору), разработка проекта строительства (ПСД, ПИР) 520м; 2. Проектирование и строительство канализации района ул.Интернациональная, разработка проекта строительства (ПСД, ПИР) 270м | G255: 1. Проектирование и строительство канализации района Грознефть (подключение к Вельяминовскому коллектору), разработка проекта строительства (ПСД, ПИР) 520м; 2. Проектирование и строительство канализации района ул.Интернациональная, разработка проекта строительства (ПСД, ПИР) 270м | K255: 0.01 | L255: 386493.86 | M255: 3.86493 | O255: 3.86493 | P255: 0 | Q255: 0
A256: 213 | C256: Подключение к канализации жилого дома по ул. Садовая, 54/9 | D256: 0.01 | E256: № 2451-П-ФИЗ от 28.10.2015 | F256: 1. Проектирование и строительство канализации района Грознефть (подключение к Вельяминовскому коллектору), разработка проекта строительства (ПСД, ПИР) 520м; 2. Проектирование и строительство канализации района ул.Интернациональная, разработка проекта строительства (ПСД, ПИР) 270м | G256: 1. Проектирование и строительство канализации района Грознефть (подключение к Вельяминовскому коллектору), разработка проекта строительства (ПСД, ПИР) 520м; 2. Проектирование и строительство канализации района ул.Интернациональная, разработка проекта строительства (ПСД, ПИР) 270м | K256: 0.01 | L256: 386493.86 | M256: 3.86493 | O256: 3.86493 | P256: 0 | Q256: 0
A257: 214 | C257: Объект незавершенного строительства - жилой дом по ул. Кондратьева, 10 | D257: 0.01 | E257: № 16-2633-П-ФИЗ от 23.03.2016 | F257: 1. Проектирование и строительство канализации района Грознефть (подключение к Вельяминовскому коллектору), разработка проекта строительства (ПСД, ПИР) 520м; 2. Проектирование и строительство канализации района ул.Интернациональная, разработка проекта строительства (ПСД, ПИР) 270м | G257: 1. Проектирование и строительство канализации района Грознефть (подключение к Вельяминовскому коллектору), разработка проекта строительства (ПСД, ПИР) 520м; 2. Проектирование и строительство канализации района ул.Интернациональная, разработка проекта строительства (ПСД, ПИР) 270м | K257: 0.01 | L257: 386493.86 | M257: 3.86493 | O257: 3.86493 | P257: 0 | Q257: 0
A258: 215 | C258: 1/2 жилого дома по ул. Крылова, 19 | D258: 0.01 | E258: № 2012-П-ФИЗ от 15.10.2014 | F258: 1. Проектирование и строительство канализации района Грознефть (подключение к Вельяминовскому коллектору), разработка проекта строительства (ПСД, ПИР) 520м; 2. Проектирование и строительство канализации района ул.Интернациональная, разработка проекта строительства (ПСД, ПИР) 270м | G258: 1. Проектирование и строительство канализации района Грознефть (подключение к Вельяминовскому коллектору), разработка проекта строительства (ПСД, ПИР) 520м; 2. Проектирование и строительство канализации района ул.Интернациональная, разработка проекта строительства (ПСД, ПИР) 270м | K258: 0.01 | L258: 386493.86 | M258: 3.86493 | O258: 3.86493 | P258: 0 | Q258: 0
A259: 216 | C259: Подключение к канализации жилого дома (3/5 доли) по ул. Приморская, 30 | D259: 0.01 | E259: № 16-2771-П-ФИЗ от 06.07.2016 | F259: 1. Проектирование и строительство канализации района Грознефть (подключение к Вельяминовскому коллектору), разработка проекта строительства (ПСД, ПИР) 520м; 2. Проектирование и строительство канализации района ул.Интернациональная, разработка проекта строительства (ПСД, ПИР) 270м | G259: 1. Проектирование и строительство канализации района Грознефть (подключение к Вельяминовскому коллектору), разработка проекта строительства (ПСД, ПИР) 520м; 2. Проектирование и строительство канализации района ул.Интернациональная, разработка проекта строительства (ПСД, ПИР) 270м | K259: 0.01 | L259: 386493.86 | M259: 3.86493 | O259: 3.86493 | P259: 0 | Q259: 0
A260: 217 | C260: Подключение к канализации жилого дома по ул. Волгоградская, 17/1 | D260: 0.01 | E260: № 16-2979-П-ФИЗ от 16.11.2016 | F260: 1. Проектирование и строительство канализации района Грознефть (подключение к Вельяминовскому коллектору), разработка проекта строительства (ПСД, ПИР) 520м; 2. Проектирование и строительство канализации района ул.Интернациональная, разработка проекта строительства (ПСД, ПИР) 270м | G260: 1. Проектирование и строительство канализации района Грознефть (подключение к Вельяминовскому коллектору), разработка проекта строительства (ПСД, ПИР) 520м; 2. Проектирование и строительство канализации района ул.Интернациональная, разработка проекта строительства (ПСД, ПИР) 270м | K260: 0.01 | L260: 386493.86 | M260: 3.86493 | O260: 3.86493 | P260: 0 | Q260: 0
A261: 218 | C261: Переподключение водопровода и подключение к канализации жилого дома по ул. К. Либкнехта, 30 | D261: 0.01 | E261: № 16-3002 от 23.11.2016 | F261: 1. Проектирование и строительство канализации района Грознефть (подключение к Вельяминовскому коллектору), разработка проекта строительства (ПСД, ПИР) 520м; 2. Проектирование и строительство канализации района ул.Интернациональная, разработка проекта строительства (ПСД, ПИР) 270м | G261: 1. Проектирование и строительство канализации района Грознефть (подключение к Вельяминовскому коллектору), разработка проекта строительства (ПСД, ПИР) 520м; 2. Проектирование и строительство канализации района ул.Интернациональная, разработка проекта строительства (ПСД, ПИР) 270м | K261: 0.01 | L261: 386493.86 | M261: 3.86493 | O261: 3.86493 | P261: 0 | Q261: 0
A262: 219 | C262: Подключение к канализации жилого дома по ул. Саратовская, 29 | D262: 0.01 | E262: № 16-2958-П-ФИЗ от 02.11.2016 | F262: 1. Проектирование и строительство канализации района Грознефть (подключение к Вельяминовскому коллектору), разработка проекта строительства (ПСД, ПИР) 520м; 2. Проектирование и строительство канализации района ул.Интернациональная, разработка проекта строительства (ПСД, ПИР) 270м | G262: 1. Проектирование и строительство канализации района Грознефть (подключение к Вельяминовскому коллектору), разработка проекта строительства (ПСД, ПИР) 520м; 2. Проектирование и строительство канализации района ул.Интернациональная, разработка проекта строительства (ПСД, ПИР) 270м | K262: 0.01 | L262: 386493.86 | M262: 0.9322 | O262: 0.9322 | P262: 0 | Q262: 0
... A281: 238 | C281: Торговое здание по ул. Победы, 10 | D281: 0.43 | E281: № 05 от 28.03.2017 к ТУ МП14-68 от 25.06.2014 | F281: Инвестиционный проект по строительству, модернизации и реконструкции объектов централизованных систем водоотведения в целях подключения объектов капитального строительства абонентов | G281: Инвестиционный проект по строительству, модернизации и реконструкции объектов централизованных систем водоотведения в целях подключения объектов капитального строительства абонентов | K281: 0.43 | L281: 386493.86 | M281: 24.92885 | O281: 24.92885 | P281: 0 | Q281: 0
A282: 2 квартал 2017 года
A283: 239 | C283: Жилой дом по ул. К. Цеткин, 45б | D283: 0.01 | E283: № 17-53-П-ФИЗ от 15.02.2017 | F283: 1. Проектирование и строительство канализации района Грознефть (подключение к Вельяминовскому коллектору), разработка проекта строительства (ПСД, ПИР) 520 м; 2. Проектирование и строительство канализации района ул.Интернациональная, разработка проекта строительства (ПСД, ПИР) 270 м | G283: 1. Проектирование и строительство канализации района Грознефть (подключение к Вельяминовскому коллектору), разработка проекта строительства (ПСД, ПИР) 520 м; 2. Проектирование и строительство канализации района ул.Интернациональная, разработка проекта строительства (ПСД, ПИР) 270 м | K283: 0.01 | L283: 386493.86 | M283: 3.86493 | O283: 3.86493 | P283: 0 | Q283: 0
A284: 240 | C284: 1/3 части жилого дома по ул. Дзержинского, 34 а | D284: 0.01 | E284: № 16-2930-П-ФИЗ от 12.10.2016 | F284: 1. Проектирование и строительство канализации района Грознефть (подключение к Вельяминовскому коллектору), разработка проекта строительства (ПСД, ПИР) 520 м; 2. Проектирование и строительство канализации района ул.Интернациональная, разработка проекта строительства (ПСД, ПИР) 270 м | G284: 1. Проектирование и строительство канализации района Грознефть (подключение к Вельяминовскому коллектору), разработка проекта строительства (ПСД, ПИР) 520 м; 2. Проектирование и строительство канализации района ул.Интернациональная, разработка проекта строительства (ПСД, ПИР) 270 м | K284: 0.01 | L284: 386493.86 | M284: 3.86493 | O284: 3.86493 | P284: 0 | Q284: 0
A285: 241 | C285: Жилой дом (20/43 доли) по ул. К. Цеткин, 49 | D285: 0.01 | E285: № 17-36-П-ФИЗ от 08.02.2017 | F285: 1. Проектирование и строительство канализации района Грознефть (подключение к Вельяминовскому коллектору), разработка проекта строительства (ПСД, ПИР) 520 м; 2. Проектирование и строительство канализации района ул.Интернациональная, разработка проекта строительства (ПСД, ПИР) 270 м | G285: 1. Проектирование и строительство канализации района Грознефть (подключение к Вельяминовскому коллектору), разработка проекта строительства (ПСД, ПИР) 520 м; 2. Проектирование и строительство канализации района ул.Интернациональная, разработка проекта строительства (ПСД, ПИР) 270 м | K285: 0.01 | L285: 386493.86 | M285: 3.86493 | O285: 3.86493 | P285: 0 | Q285: 0
A286: 242 | C286: Квартира № 5 по ул. Горького, 22 | D286: 0.01 | E286: № 17-08-П-ФИЗ от 18.01.2017 | F286: 1. Проектирование и строительство канализации района Грознефть (подключение к Вельяминовскому коллектору), разработка проекта строительства (ПСД, ПИР) 520 м; 2. Проектирование и строительство канализации района ул.Интернациональная, разработка проекта строительства (ПСД, ПИР) 270 м | G286: 1. Проектирование и строительство канализации района Грознефть (подключение к Вельяминовскому коллектору), разработка проекта строительства (ПСД, ПИР) 520 м; 2. Проектирование и строительство канализации района ул.Интернациональная, разработка проекта строительства (ПСД, ПИР) 270 м | K286: 0.01 | L286: 386493.86 | M286: 3.86493 | O286: 3.86493 | P286: 0 | Q286: 0
A287: 243 | C287: Жилой дом и 3/5 жилого дома по ул. Пархоменко, 20 | D287: 0.01 | E287: № 17-98-П-ФИЗ от 15.03.2017 | F287: 1. Проектирование и строительство канализации района Грознефть (подключение к Вельяминовскому коллектору), разработка проекта строительства (ПСД, ПИР) 520 м; 2. Проектирование и строительство канализации района ул.Интернациональная, разработка проекта строительства (ПСД, ПИР) 270 м | G287: 1. Проектирование и строительство канализации района Грознефть (подключение к Вельяминовскому коллектору), разработка проекта строительства (ПСД, ПИР) 520 м; 2. Проектирование и строительство канализации района ул.Интернациональная, разработка проекта строительства (ПСД, ПИР) 270 м | K287: 0.01 | L287: 386493.86 | M287: 3.86493 | O287: 3.86493 | P287: 0 | Q287: 0
A288: 244 | C288: Жилой дом по ул. Шишкина, 18 | D288: 0.01 | E288: № 2049-П-ФИЗ от 19.11.2014 | F288: 1. Проектирование и строительство канализации района Грознефть (подключение к Вельяминовскому коллектору), разработка проекта строительства (ПСД, ПИР) 520 м; 2. Проектирование и строительство канализации района ул.Интернациональная, разработка проекта строительства (ПСД, ПИР) 270 м | G288: 1. Проектирование и строительство канализации района Грознефть (подключение к Вельяминовскому коллектору), разработка проекта строительства (ПСД, ПИР) 520 м; 2. Проектирование и строительство канализации района ул.Интернациональная, разработка проекта строительства (ПСД, ПИР) 270 м | K288: 0.01 | L288: 386493.86 | M288: 3.86493 | O288: 3.86493 | P288: 0 | Q288: 0
A289: 245 | C289: 1/2 жилого дома по ул. Садовая, 13 | D289: 0.01 | E289: № 16-3025-П-ФИЗ от 07.12.2016 | F289: 1. Проектирование и строительство канализации района Грознефть (подключение к Вельяминовскому коллектору), разработка проекта строительства (ПСД, ПИР) 520 м; 2. Проектирование и строительство канализации района ул.Интернациональная, разработка проекта строительства (ПСД, ПИР) 270 м | G289: 1. Проектирование и строительство канализации района Грознефть (подключение к Вельяминовскому коллектору), разработка проекта строительства (ПСД, ПИР) 520 м; 2. Проектирование и строительство канализации района ул.Интернациональная, разработка проекта строительства (ПСД, ПИР) 270 м | K289: 0.01 | L289: 386493.86 | M289: 3.86493 | O289: 3.86493 | P289: 0 | Q289: 0
A290: 246 | C290: Жилой дом по ул. Мичурина, 23 | D290: 0.01 | E290: № 2087-П-ФИЗ от 17.12.2014 | F290: 1. Проектирование и строительство канализации района Грознефть (подключение к Вельяминовскому коллектору), разработка проекта строительства (ПСД, ПИР) 520 м; 2. Проектирование и строительство канализации района ул.Интернациональная, разработка проекта строительства (ПСД, ПИР) 270 м | G290: 1. Проектирование и строительство канализации района Грознефть (подключение к Вельяминовскому коллектору), разработка проекта строительства (ПСД, ПИР) 520 м; 2. Проектирование и строительство канализации района ул.Интернациональная, разработка проекта строительства (ПСД, ПИР) 270 м | K290: 0.01 | L290: 386493.86 | M290: 3.86493 | O290: 3.86493 | P290: 0 | Q290: 0
A291: 247 | C291: 1/2 жилого дома по ул. К. Цеткин, 73 | D291: 0.01 | E291: № 17-115-П-ФИЗ от 22.03.2017 | F291: 1. Проектирование и строительство канализации района Грознефть (подключение к Вельяминовскому коллектору), разработка проекта строительства (ПСД, ПИР) 520 м; 2. Проектирование и строительство канализации района ул.Интернациональная, разработка проекта строительства (ПСД, ПИР) 270 м | G291: 1. Проектирование и строительство канализации района Грознефть (подключение к Вельяминовскому коллектору), разработка проекта строительства (ПСД, ПИР) 520 м; 2. Проектирование и строительство канализации района ул.Интернациональная, разработка проекта строительства (ПСД, ПИР) 270 м | K291: 0.01 | L291: 386493.86 | M291: 3.86493 | O291: 3.86493 | P291: 0 | Q291: 0
A292: 248 | C292: 1/2 жилого дома по ул. К. Цеткин, 69 | D292: 0.01 | E292: № 17-151-П-ФИЗ от 05.04.2017 | F292: 1. Проектирование и строительство канализации района Грознефть (подключение к Вельяминовскому коллектору), разработка проекта строительства (ПСД, ПИР) 520 м; 2. Проектирование и строительство канализации района ул.Интернациональная, разработка проекта строительства (ПСД, ПИР) 270 м | G292: 1. Проектирование и строительство канализации района Грознефть (подключение к Вельяминовскому коллектору), разработка проекта строительства (ПСД, ПИР) 520 м; 2. Проектирование и строительство канализации района ул.Интернациональная, разработка проекта строительства (ПСД, ПИР) 270 м | K292: 0.01 | L292: 386493.86 | M292: 2.30072 | O292: 2.30072 | P292: 0 | Q292: 0
A293: 249 | C293: 1/4 жилого дома по ул. Дзержинского, 8 | D293: 0.01 | E293: № 16-2921-П-ФИЗ от 05.10.2016 | F293: 1. Проектирование и строительство канализации района Грознефть (подключение к Вельяминовскому коллектору), разработка проекта строительства (ПСД, ПИР) 520 м; 2. Проектирование и строительство канализации района ул.Интернациональная, разработка проекта строительства (ПСД, ПИР) 270 м | G293: 1. Проектирование и строительство канализации района Грознефть (подключение к Вельяминовскому коллектору), разработка проекта строительства (ПСД, ПИР) 520 м; 2. Проектирование и строительство канализации района ул.Интернациональная, разработка проекта строительства (ПСД, ПИР) 270 м | K293: 0.01 | L293: 386493.86 | M293: 3.86493 | O293: 3.86493 | P293: 0 | Q293: 0
A294: 250 | C294: Жилой дом по ул. Армавирская, 45 | D294: 0.01 | E294: № 17-57-П-ФИЗ от 15.02.2017 | F294: 1. Проектирование и строительство канализации района Грознефть (подключение к Вельяминовскому коллектору), разработка проекта строительства (ПСД, ПИР) 520 м; 2. Проектирование и строительство канализации района ул.Интернациональная, разработка проекта строительства (ПСД, ПИР) 270 м | G294: 1. Проектирование и строительство канализации района Грознефть (подключение к Вельяминовскому коллектору), разработка проекта строительства (ПСД, ПИР) 520 м; 2. Проектирование и строительство канализации района ул.Интернациональная, разработка проекта строительства (ПСД, ПИР) 270 м | K294: 0.01 | L294: 386493.86 | M294: 3.86493 | O294: 3.86493 | P294: 0 | Q294: 0
... A382: 338 | C382: Строительство и эксплуатация многоквартирных ж.д. блокированного типа по ул. Киевская, 123-г | D382: 0 | E382: № 32 от 08.08.2016 К ТУ № П12-27 от 20.06.2012 | F382: Инвестиционный проект по строительству, модернизации и реконструкции объектов централизованных систем водоотведения в целях подключения объектов капитального строительства абонентов | G382: Инвестиционный проект по строительству, модернизации и реконструкции объектов централизованных систем водоотведения в целях подключения объектов капитального строительства абонентов | K382: 0 | L382: 386493.86 | M382: 11.01694 | O382: 11.01694 | P382: 0 | Q382: 0
K383: =SUM(K283:K382) -> 4.119 | M383: =SUM(M283:M382) -> 1100.7084
D386: Исполнитель | F386: Пустовит А.В.

Sheet Перечень подключаемых абонентов
G1: Приложение 9
A3: Таблица 1. Перечень подключаемых частных абонентов в период реализации инвестиционной программы в г. Туапсе
A4: № п/п | B4: Год | C4: Объект подключения | D4: Планируемая подключаемая нагрузка, м3/час | E4: Реквизиты заключенного договора, дата, № | F4: Фактическая нагрузка, м3/час
F5: В соответствии с заключенным договором о подключении | G5: Фактически подключенная нагрузка, м3/час
A6: 1 | B6: 2 | C6: 3 | D6: 4 | E6: 5 | F6: 6 | G6: 7
A7: 2015 - 2019 годы
A8: 1 | B8: 2015 | C8: Частные абоненты | D8: 2.784 | F8: 0.873 | G8: 0.873
A9: 2 | B9: 2016 | C9: Частные абоненты | D9: 2.784 | F9: 1.656 | G9: 1.656
A10: 3 | B10: 2017 | C10: Частные абоненты | D10: 2.784 | F10: 1.01 | G10: 1.01
A11: 4 | B11: 2018 | C11: Частные абоненты | D11: 2.784
A12: 5 | B12: 2019 | C12: Частные абоненты | D12: 2.784
C13: ВСЕГО ЗА 5 ЛЕТ | D13: =SUM(D8:D12) -> 13.92 | F13: =SUM(F8:F12) -> 3.539 | G13: =SUM(G8:G12) -> 3.539
A15: Таблица 2. Перечень подключаемых объектов в период реализации инвестиционной программы в г. Туапсе с присоединенной нагрузкой, не превышающей 10 м3/час по водоотведению
A17: № п/п | B17: Год | C17: Объект подключения | D17: Подключаемая нагрузка, м3/час | E17: Реквизиты заключенного договора, дата, № | F17: Фактическая нагрузка, м3/час
F18: В соответствии с заключенным договором о подключении | G18: Фактически подключенная нагрузка, м3/час
A19: 1 | B19: 2 | C19: 3 | D19: 4 | E19: 5 | F19: 6 | G19: 7
A20: 1 | B20: 2015 | C20: Строительство 9-этажного 101-квартирного жилого дома по ул. Судоремонтников, 64 - 66 | D20: 5.46 | E20: ­ | F20: 1.91 | G20: 1.91
C21: Заказчик: Управление архитектуры и градостроительства ТГП - ООО "СтройКомЮг" ТУ N П 12-01 от 11.01.2012, взамен выданы ТУ №П14-04 от 12.02.2014г.
A22: 2 | B22: 2015 | C22: Строительство многоквартирного жилого дома со встроенно-пристроенными помещениями административно-делового и торгового назначения по ул.Речная,1-г | D22: 1.48 | E22: №11 от 20.04.2016г. | F22: 1.48 | G22: 1.48
C23: Заказчик: ООО "Эксперт-Сервис", ТУ П16-13 от 06.04.2016г. (взамен ТУ П10-7 от 10.03.2010)
C24: Жилая застройка по ул.Речная (I этап строительства), ТУ №16-12 от 06.04.2016г. | D24: 0.75 | E24: №14 от 16.05.2016г. | F24: 0.75 | G24: 0.75
C25: ООО МСУ "Новый город"
C26: Жилая застройка по ул.Речная (II этап строительства), ТУ №16-12 от 06.04.2016г. | D26: 1.49 | E26: №10 от 16.05.2016г. | F26: 0 | G26: 0
C27: ООО МСУ "Новый город"
A28: 3 | B28: 2015 | C28: Строительство многоквартирного жилого дома со встроенно-пристроенными помещениями административно-делового и софиально-бытового, торгового назначения по ул.Таманская,18-а | D28: 0.1 | E28: ­ | F28: 0 | G28: 0
C29: Заказчик: ООО "Маг" ТУ П15-31 от 03.11.2015г. (взамен ТУ МП13-64 от 19.06.2013г.)
A30: 4 | B30: 2015 | C30: Строительство многоквартирного жилого дома блокированного типа по ул. Киевская, 123г | D30: 0.3 | E30: №32 от 08.08.2016г. | F30: 0.3 | G30: 0.3
C31: Заказчик: МБУ Комитет земельных отношений МО Туапсинский район - ЖСК "Легион" ТУ №П14-17 от 25.05.2014г. (взамен ТУ №22-27 от 20.06.2012г.)
A32: 5 | B32: 2015 | C32: Земельный участок для строительства блокированного жилого дома по пер. Железнодорожный, 3 | D32: 0.03 | E32: ­ | F32: 0 | G32: 0
C33: Заказчик: МБУ Комитет земельных отношений МО Туапсинский район ТУ МП 12-87 от 28.11.2012
A34: 6 | B34: 2015 | C34: Строительство 5-этажного 45-квартирного жилого дома по ул. Московских строителей, 3 | D34: 1.68 | E34: ­ | F34: 0 | G34: 0
C35: Заказчик: ЖСК "Строитель" ТУ П 10-14 от 12.05.2010
C36: ИТОГО на 2015 год: | D36: =SUM(D20:D35) -> 11.29 | F36: =SUM(F20:F35) -> 4.44 | G36: =SUM(G20:G35) -> 4.44
A37: 7 | B37: 2016 | C37: Строительство трехэтажного жилого дома (4 квартиры) по ул. Зенитная, 29 | D37: 0.22 | E37: ­ | F37: 0 | G37: 0
C38: Заказчик: ООО "ТД "Гермес" ТУ МП 12-24 от 11.04.2012
A39: 8 | B39: 2016 | C39: Строительство многоквартирного жилого дома по ул. 8 Марта, 4 | D39: 0.43 | E39: №52 к ТУ №П15-34 от 09.12.2015г. | F39: 0.275 | G39: 0.275
C40: Заказчик: Отдел архитектуры и градостроительства ТГП" - ООО "Стройсервис" ТУ № П 12-30 от 04.07.2012
A41: 9 | B41: 2016 | C41: Строительство многоквартирного жилого дома блокированного типа (10 квартир) по ул. Калараша | D41: 0.3 | E41: ­ | F41: 0 | G41: 0
C42: Заказчик: Управление архитектуры и градостроительства ТГП - Сучков А.А. ТУ МП 12-11 от 29.02.2012
A43: 10 | B43: 2016 | C43: Строительство 2 многоквартирных жилых домов по ул. Калараша | D43: 2.16 | E43: ­ | F43: 0 | G43: 0
C44: Заказчик: МКУ "Управление капитального строительства" ТГП ТУ № МП 13-89 от 31.07.2013
A45: 11 | B45: 2016 | C45: Строительство многоквартирного ж/д со встроенно-пристроенными помещениями административно-делового, социально-бытового, торгового назначения по ул. М. Жукова, 17/8 | D45: 1.3 | E45: №28 от 23.09.2015г., справка о вводе №486 от 18.11.2015г. | F45: 3.083 | G45: 3.083
C46: Заказчик: Отдел архитектуры и градостроительства ТПГ - ЗАО "Желдорипотека" ТУ N П13-06 от 13.02.2013
A47: 12 | B47: 2016 | C47: 100-квартирный жилой дом ул. Судоремонтников | D47: 1.5 | E47: ­ | F47: 0 | G47: 0
C48: Заказчик: Управление архитектуры и градостроительства ТГП - ЖСК "Надежда" ТУ N П 11-21 от 10.08.2011
A49: 13 | B49: 2016 | C49: Многоквартирные жилые дома блокированного типа, квартал жилой застройки, Первая Каменная, уч. N 7 по ул. Кириченко | D49: 0.3 | E49: ­ | F49: 0 | G49: 0
C50: Заказчик: МБУ Комитет земельных отношений МО Туапсинский район ТУ N МП 13-23 от 10.04.2013
A51: 14 | B51: 2016 | C51: Строительство жилого дома блокированного типа (Блок N 1) по ул. Звездная, 25-Б | D51: 0.3 | E51: ­ | F51: 0 | G51: 0
C52: Заказчик: Управление имущественных отношений администрация МО Туапсинский район - ГСК N 30 ТУ N 3534 от 19.03.2009
A53: 15 | B53: 2016 | C53: Строительство жилого дома блокированного типа (Блок N 2) по ул. Звездная, 25-Б | D53: 0.3 | E53: ­ | F53: 0 | G53: 0
C54: Заказчик: Управление имущественных отношений администрация МО Туапсинский район - ГСК N 30 ТУ N 3533 от 19.03.2009
A55: 16 | B55: 2016 | C55: Строительство жилого дома блокированного типа (Блок N 3) по ул. Звездная, 25-Б | D55: 0.3 | E55: ­ | F55: 0 | G55: 0
C56: Заказчик: Управление имущественных отношений администрация МО Туапсинский район - ГСК N 30 ТУ N 3533 от 19.03.2009
A57: 17 | B57: 2016 | C57: Десятиэтажный каркасно-монолитный жилой дом, ул. Б. Хмельницкого, 87 - 101 | D57: 3 | E57: ­ | F57: 0 | G57: 0
C58: Заказчик: Управление архитектуры и градостроительства ТГП - ЗАО "Желдорипотека" ТУ N 07-74 от 29.02.2008
A59: 18 | B59: 2016 | C59: Два 99-квартирных жилых дома и три 12-этажных 60-квартирных жилых дома по ул. Кириченко | D59: 8.39 | E59: ­ | F59: 0 | G59: 0
C60: Заказчик: ОАО "Спецфундаментстрой" Т.У. N 09-37 от 05.08.09
C61: ИТОГО на 2016 год: | D61: =SUM(D37:D60) -> 18.5 | F61: =SUM(F37:F60) -> 3.358 | G61: =SUM(G37:G60) -> 3.358
A62: 19 | B62: 2017 | C62: Два 54 квартирных жилых дома по ул. Калараша | D62: 5.8 | E62: ­ | F62: 0 | G62: 0
C63: Заказчик: ООО "Аврора" ТУ N 09-13 от 11.03.2009
A64: 20 | B64: 2017 | C64: Строительство жилого дома с многофункциональным центром по ул. Полетаева | D64: 2.6 | E64: ­ | F64: 0 | G64: 0
C65: Заказчик: МКУ "Национальные проекты, инвестиции Туапсинского района" ТУ П13-05 от 13.02.2013
A66: 21 | B66: 2017 | C66: Строительство многоквартирных жилых домов блокированного типа по пер. Светлый, 9г | D66: 0.3 | E66: Договор №17, справка о вводе №483 от 02.09.2015г., оплата 03.07.2015г. | F66: 0.3 | G66: 0.3
C67: Заказчик: МБУ Комитет земельных отношений МО Туапсинский район - ЖСК "Легион-2" ТУ П14-28 от 24.09.2014г. (взамен ТУ П 12-23 от 23.05.2012)
A68: 22 | B68: 2017 | C68: Строительство жилого дома блокированного типа по ул. Звездная, 25-Б Секция А, блоки N 1 - 5. Секция Б, блоки N 6 - 12 | D68: 3.6 | E68: ­ | F68: 0 | G68: 0
C69: Заказчик: ГСК N 30
A70: 23 | B70: 2017 | C70: Объект капитального строительства: многоквартирный жилой дом по ул.Кириченко,1 (литер А, Б) | D70: 0.3 | E70: ­ | F70: 0 | G70: 0
C71: Заказчик: ООО "ЮгСтройИнвест" ТУ №16-42 от 02.11.2016г., №16-43 от 02.11.2016г. (взамен ТУ №МП13-22 от 10.04.2013г.)
A72: 24 | B72: 2017 | C72: ЗУ для строительства многоквартирного жилого дома по ул.Морская,5а | D72: 1.4 | E72: ­ | F72: 0 | G72: 0
C73: Заказчик: ФСБ Пограничное управление ТУ №П16-26 от 29.06.2016г. (взамен ТУ N П 13-25 от 21.08.2013)
C74: ИТОГО на 2017 год: | D74: =SUM(D62:D73) -> 14 | F74: =SUM(F62:F73) -> 0.3 | G74: =SUM(G62:G73) -> 0.3
A75: 25 | B75: 2018 | C75: Проектирование и строительство коттеджей на территории туристической базы "Туапсе" на г. Кадош | D75: 10
C76: Заказчик: Управление архитектуры и градостроительства - ОАО "Турбаза "Туапсе" ТУ N 09-56 от 11.11.2009
A77: 26 | B77: 2018 | C77: Строительство многоквартирных жилых домов блокированного типа (10шт.) по ул. Звездная | D77: 0.3
C78: Заказчик: Отдел архитектуры и градостроительства ТГП - Джиоев С.Ф. ТУ N П 13-54 от 29.05.2013
A79: 27 | B79: 2018 | C79: ЗУ для строительства многоквартирного жилого дома по ул.Калараша,5 | D79: 3.24
C80: Заказчик: ООО "Дионис"
C81: ТУ №П17-04 от 01.03.2017г. (взамен ТУ 11-17 от 29.06.2011)
C82: Итого на 2018 год: | D82: =SUM(D75:D81) -> 13.54 | F82: =SUM(F75:F81) -> 0 | G82: =SUM(G75:G81) -> 0
A83: 28 | B83: 2019 | C83: Строительство 9-этажного 36-квартирного жилого дома по ул. Калинина, 5 | D83: 3.5
C84: Заказчик: Управление архитектуры и градостроительства ТУ МП 06-57 от 28.08.2006
A85: 29 | B85: 2019 | C85: Два 9-этажных 36-квартирных жилых дома по ул. Полетаева, 15 - 17 | D85: 7.12
C86: Заказчик: Управление архитектуры и градостроительства ТУ 06-66 от 06.09.2006
A87: 30 | B87: 2019 | C87: Строительство многоквартирного жилого дома по ул.Шаумяна,3 | D87: 3.5
C88: Заказчик: Полюбина Т.В. ТУ №П16-10 от 06.04.2016г. (взамен ТУ №МП06-65 от 06.09.2006г.)
A89: 31 | B89: 2019 | C89: Строительство 35-квартирного жилого дома по ул. М. Жукова | D89: 3.45
C90: Заказчик: Управление архитектуры и градостроительства - ЖСК "Брандмейстер" ТУ МП 06-67 от 13.09.2006
A91: 32 | B91: 2019 | C91: Два 10-этажных жилых дома (156 квартир) по ул. Кириченко | D91: 8.4
C92: Заказчик: ООО "ТД Гермес"
C93: ИТОГО на 2019 год: | D93: =SUM(D83:D92) -> 25.97 | F93: =SUM(F83:F92) -> 0 | G93: =SUM(G83:G92) -> 0
C94: ВСЕГО на 2015 - 2019 годы: | D94: =D36+D61+D74+D82+D93 -> 83.3 | F94: =F93+F82+F74+F61+F36 -> 8.098 | G94: =G93+G82+G74+G61+G36 -> 8.098
A96: Таблица 3. Перечень подключаемых объектов в период реализации инвестиционной программы в г. Туапсе с присоединенной нагрузкой более 10 м3/час по водоотведению
A98: № п/п | B98: Год | C98: Объект подключения | D98: Подключаемая нагрузка, м3/час | E98: Реквизиты заключенного договора, дата, № | F98: Фактическая нагрузка, м3/час
F99: В соответствии с заключенным договором о подключении | G99: Фактически подключенная нагрузка, м3/час
A100: 1 | B100: 2 | C100: 3 | D100: 4 | E100: 5 | F100: 6 | G100: 7
A101: 1 | B101: 2015 | C101: Строительство круглогодичного оздоровительного центра в районе городского пляжа по ул. Гагарина | D101: 54.27 | E101: ­ | F101: 0 | G101: 0
C102: Заказчик: ООО "Спектр"
C103: ТУ N мп 13-18 от 27.03.2013
C104: ИТОГО на 2015 год: | D104: 54.27 | F104: =F101 -> 0 | G104: =G101 -> 0
A105: 2 | B105: 2017 | C105: Строительство жилого микрорайона в Северо-западном районе по ул. Калараша (Мостовая щель) | D105: 13.4 | E105: ­ | F105: 0 | G105: 0
...
